 Dungeon Crawl Stone Soup version 0.31-a0-851-g7ff8af7976 (webtiles) character file.

Game seed: 5997486503089546412

736914 miscthings the Wishgranter (level 27, -10/264 HPs)
             Began as a Djinni Conjurer on Oct 7, 2023.
             Was the Champion of Jiyva.
             Killed from afar by a hellion (36 damage)
             ... with damnation
             ... on level 16 of a ziggurat.
             The game lasted 03:11:59 (41173 turns).

miscthings the Wishgranter (Djinni Conjurer)       Turns: 41173, Time: 03:12:00

Health: -10/264    AC: 28    Str: 17    XL:     27
Gold:   4523       EV: 24    Int: 41    God:    Jiyva [******] SH: 11 Dex: 14

rFire   + + +        T - staff of earth
rCold   + + .        t - +3 buckler {AC+3}
rNeg    + + .        B - +4 ring mail {rC+}
rPois   ∞            i - +3 hat of Pondering {ponderous, Will+ MP+10 Int+5}
rElec   +            y - +4 dragonskin cloak
rCorr   +            h - +3 pair of gloves of the Morning {rElec Regen+ Dex+3}
SInv    .            (boots unavailable)
Will    +++++        v - amulet "Nealoa" {Spirit rC++ Will+ Slay+3}
Stlth   ++           j - ring of Cing {Wiz Int+5}
HPRegen 3.04/turn    E - ring of Burael {rF+ rN++ rCorr MP+9 Str+3}
MPRegen 0.00/turn

%: guardian spirit, wizardry (x1), infuse magic (-11 HP)
@: flying, hasted, studying 9 skills, very quick
A: sickness immunity, fire resistance 2, cold vulnerability 1, float, innate
caster, HP casting, extra vitality 1, camouflage 1, strong-willed 1, robust 2,
electricity resistance, strong 2, wild magic 2, acidic bite, eyeballs 1, sturdy
frame 1
}: 6/15 runes: decaying, slimy, silver, golden, abyssal, gossamer
a: Renounce Religion, Oozemancy, Slimify


You were on level 16 of a ziggurat.
You worshipped Jiyva.
Jiyva was exalted by your worship.
You visited 15 branches of the dungeon, and saw 61 of its levels.
You visited Pandemonium 1 time, and saw 1 of its levels.
You visited the Abyss 1 time.
You visited 1 ziggurat, and saw 16 of its levels.
You also visited: Trove and Ice Cave.

You collected 8828 gold pieces.
You spent 4305 gold pieces at shops.

Inventory:

Hand Weapons
 Q - the +9 mace of Puerghodd {flame, rN++ Dex-3 SInv}
   (You found it on level 3 of the Elven Halls)

   Dex-3:     It affects your dexterity (-3).
   rN++:      It greatly protects you from negative energy.
   SInv:      It lets you see invisible.
Armour
 h - the +3 pair of gloves of the Morning (worn) {rElec Regen+ Dex+3}
   (You found it on level 3 of the Depths)

   Dex+3:     It affects your dexterity (+3).
   rElec:     It insulates you from electricity.
   Regen+:    It increases your rate of health regeneration.
 i - the +3 hat of Pondering (worn) {ponderous, Will+ MP+10 Int+5}
   (You took it off Gastronok on level 1 of the Lair of Beasts)

   Int+5:     It affects your intelligence (+5).
   Will+:     It increases your willpower.
   MP+10:     It affects your magic capacity (+10).
 t - a +3 buckler of protection (worn)
 x - a +2 tower shield of cold resistance
 y - the +4 dragonskin cloak (worn)
   (You took it off Tiamat on level 1 of the Realm of Zot)

   Avatar's Aegis: It grants the wearer a chance to resist fire, cold, poison,
   electricity, acid, and negative energy.
 B - a +4 ring mail of cold resistance (worn)
 C - the +1 cloak of Temperance {rF+ rC+ Will+}
   (You acquired it on level 5 of the Vaults)

   rF+:       It protects you from fire.
   rC+:       It protects you from cold.
   Will+:     It increases your willpower.
 O - quicksilver dragon scales
Magical Staves
 f - the staff of Pride {rC+ Str+4 SInv Ice}
   (You found it on level 15 of the Dungeon)

   [staff of cold]

   Base accuracy: +5 Base damage: 5 Base attack delay: 1.2 This weapon's minimum
   attack delay (0.6) is reached at skill level 12.
   Str+4:     It affects your strength (+4).
   rC+:       It protects you from cold.
   SInv:      It lets you see invisible.
   Ice:       It increases the power of your Ice spells.
   It falls into the 'Staves' category.
   It is a one-handed weapon.
 R - a staff of air
 T - a staff of earth (weapon)
Jewellery
 j - the ring of Cing (left hand) {Wiz Int+5}
   (You found it on level 4 of the Depths)

   [ring of wizardry]

   Wiz:       It improves your spell success rate.
   Int+5:     It affects your intelligence (+5).
 v - the amulet "Nealoa" (around neck) {Spirit rC++ Will+ Slay+3}
   (You found it on level 5 of the Pits of Slime)

   [amulet of guardian spirit]

   Spirit:    It causes incoming damage to be divided between your reserves of
   health and magic.
   Slay+3:    It affects your accuracy & damage with ranged weapons and melee
   (+3).
   rC++:      It greatly protects you from cold.
   Will+:     It increases your willpower.
 D - the ring of Doadd {+Blink EV+5 Str+2 Stlth-}
   (You found it on level 15 of a ziggurat)

   [ring of evasion]

   EV+5:      It affects your evasion (+5).
   Str+2:     It affects your strength (+2).
   +Blink:    It lets you blink.
   Stlth-:    It makes you less stealthy.
 E - the ring of Burael (right hand) {rF+ rN++ rCorr MP+9 Str+3}
   (You found it on level 4 of the Depths)

   [ring of protection from fire]

   Str+3:     It affects your strength (+3).
   rF+:       It protects you from fire.
   rN++:      It greatly protects you from negative energy.
   MP+9:      It affects your magic capacity (+9).
   rCorr:     It protects you from acid and corrosion.
 P - a ring of fire
 Y - the ring of Day {rC+ rN+ Will+ Dex+3 Stlth+}
   (You found it on level 3 of the Crypt)

   [ring of positive energy]

   Dex+3:     It affects your dexterity (+3).
   rC+:       It protects you from cold.
   rN+:       It protects you from negative energy.
   Will+:     It increases your willpower.
   Stlth+:    It makes you more stealthy.
Wands
 m - a wand of digging (22)
 u - a wand of paralysis (83)
 F - a wand of mindburst (34)
 H - a wand of iceblast (23)
 M - a wand of polymorph (14)
 N - a wand of acid (32)
Scrolls
 d - 10 scrolls of poison
 e - 4 scrolls of butterflies
 g - 5 scrolls of fear
 n - 18 scrolls of fog
 p - 5 scrolls of enchant armour
 q - 14 scrolls of teleportation
 s - 5 scrolls of immolation
 A - 8 scrolls of enchant weapon
 G - 7 scrolls of vulnerability
 I - 6 scrolls of revelation
Potions
 a - 8 potions of enlightenment
 b - 4 potions of haste
 k - 4 potions of lignification
 o - a potion of heal wounds
 r - 7 potions of curing
 w - 6 potions of ambrosia
 z - 11 potions of attraction
 J - 4 potions of might
 K - 2 potions of invisibility
 L - 3 potions of brilliance
 U - 2 potions of cancellation
 W - 4 potions of resistance
 Z - 14 potions of mutation
Miscellaneous
 S - a sack of spiders
 X - a condenser vane


   Skills:
 * Level 24.7 Fighting
 - Level 15.0 Armour
 + Level 25.8 Dodging
 - Level 1.5 Stealth
 + Level 15.6 Shields
 O Level 27 Spellcasting
 O Level 27 Conjurations
 O Level 27 Hexes
   Level 0.0 Charms
 O Level 27 Summonings
 O Level 27 Necromancy
 O Level 27 Translocations
 O Level 27 Transmutations
 O Level 27 Fire Magic
 O Level 27 Ice Magic
 O Level 27 Air Magic
 O Level 27 Earth Magic
 O Level 27 Poison Magic
 - Level 12.0 Evocations


You knew the following spells:

 Your Spells              Type           Power      Damage    Failure   Level
a - Plasma Beam           Fire/Air       82%        2x1d100   1%          6
b - Magic Dart            Conj           100%       1d8       1%          1
c - Irradiate             Conj/Tmut      82%        3d39      1%          5
d - Fulminant Prism       Conj/Hex       82%        3d33      1%          4
e - Shatter               Erth           95%        3d68*     1%          9
f - Necrotise             Necr           100%       1d9       1%          1
g - Jinxbite              Hex            100%       N/A       1%          2
h - Vhi's Electric Charg  Tloc/Air       100%       N/A       1%          4
i - Silence               Hex/Air        82%        N/A       1%          5
j - Volatile Blastmotes   Fire/Tloc      100%       2d18      1%          3
k - Dazzling Flash        Conj/Hex       100%       N/A       1%          3
l - Enfeeble              Hex            82%        N/A       1%          7
m - Haunt                 Necr/Summ      82%        N/A       1%          7
n - Searing Ray           Conj           100%       2d8       1%          2
s - Iskenderun's Mystic   Conj/Tloc      100%       2d19      1%          4
v - Conjure Ball Lightni  Conj/Air       82%        3x3d31    1%          6
x - Malign Gateway        Summ/Tloc      82%        N/A       1%          7
z - Discord               Hex            82%        N/A       1%          8
Your spell library was empty.

Dungeon Overview and Level Annotations

Branches:
Dungeon (15/15)            Temple (1/1) D:5            Lair (5/5) D:8
  Swamp (4/4) Lair:2       Spider (4/4) Lair:3        Slime (5/5) Lair:4
    Orc (2/2) D:11            Elf (3/3) Orc:2        Vaults (5/5) D:14
  Crypt (3/3) Vaults:3       Tomb (3/3) Crypt:3      Depths (4/4) D:15
   Hell (visited)             Dis (5/7) Hell            Geh (0/7) Hell
    Coc (0/7) Hell            Tar (0/7) Hell            Zot (1/5) Depths:4
  IceCv (visited)

Altars:
Ashenzari
Cheibriados
Dithmenos
Elyvilon
Fedhas
Gozag
Hepliaklqana
Makhleb
Nemelex Xobeh
Okawaru
Qazlal
Ru
Trog
Uskayaw
Wu Jian
Xom
Yredelemnul
Zin
The Shining One
Jiyva
Lugonu

Shops:
D:3 ?   D:9 *   Orc:1 [[   Orc:2 :****   Elf:1 [(!=   Elf:2 =   Elf:3 =[(**
Vaults:2 !=(=   Vaults:3 (   Vaults:4 !!(?   Depths:1 *   Depths:4 [

Portals:
Hell: Depths:1 Depths:2 Depths:3 Depths:4
Abyss: Depths:3
Pandemonium: Depths:2
Ziggurat: Depths:4

Annotations:
Slime:5 Royal Jelly
Elf:1 1 runed translucent door, Hucouhao's ghost, adept DsCj
Elf:2 3 runed translucent doors
Elf:3 exclusion: door
Vaults:4 6 runed translucent doors
Crypt:1 3 runed translucent doors
Depths:3 1 runed translucent door
Dis:2 12 runed doors
Pan 1 transporter


Innate Abilities, Weirdness & Mutations

You are immune to sickness and miasma.
You are immune to poison.
Your flesh is very heat resistant. (rF++)
You are vulnerable to cold. (rC-)
You float through the air rather than walking.
You learn spells naturally, not from books.
Your magical power is your life essence.
You have superior vitality. (+4 MHP)
Your skin changes colour to match your surroundings (Stealth+).
You are strong-willed. (Will+)
You are very robust. (+20% HP)
You are resistant to electric shocks. (rElec)
Your muscles are very strong. (Str +8, Int/Dex -2)
Your spells are harder to cast, but more powerful.
You have acidic saliva.
Your body has grown eyes which may confuse attackers. (Acc +3)
Your movements are slightly less encumbered by armour. (ER -2)


Message History

Okay, then.
Blink to where?
Press: ? - help, Dir - move target
Found five items.
Found a gate leading back out of this place.
As you read the scroll of blinking, it crumbles to dust.
Press: ? - help, v - describe, . - travel, g - get item Item here: a wand of acid (4).
A gate leading back out of this place.
Unknown command.
A demonspawn corrupter, a cacodemon, a demonspawn black sun and a chaos spawn come into view.
Found seventeen items.
Found a gate leading back out of this place.
Found a stone staircase leading down.
You hear a chilling moan.
You hear a shout!
The Tzitzimitl gestures at you.
The bolt of negative energy hits you but does no damage.
You resist.
An orange demon comes into view.
The demonspawn corrupter moves out of view.
A red devil comes into view.
It is wielding a +1 demon trident of draining.
Okay, then.
Casting: Shatter (mildly dangerous; 1% risk of failure)
Confirm with . or Enter, or press ? or * to list all spells.
Okay, then.
Okay, then.
Casting: Shatter (mildly dangerous; 1% risk of failure)
Confirm with . or Enter, or press ? or * to list all spells.
Okay, then.
Unknown command.
Okay, then.
Blink to where?
Press: ? - help, Dir - move target A demonspawn blood saint and a hell beast come into view.
You have identified the last scroll.
Found eight items.
As you read the scroll of blinking, it crumbles to dust.
The demonspawn blood saint shouts!
The hellion gestures at you.
The sphere of damnation explodes!
The damnation engulfs you!!!
You die...

▓▓▓▓▓▓▓▓▓▓
▓...........▓
▓.#≈#.....#≈#.
▓?.≈#≈.....≈#≈.
▓[?)#≈....&..≈..
▓▓)?:2..).).......
▓▓∩?!24.46.2.......
▓?>?))66{&.6...§...
▓@|4!2..3.1)......
▓▓!|")6)..........
▓$[?#≈......#≈#.
▓|.§.≈.....§#≈.
▓.#≈#.....#≈#.
▓§.)........▓
▓▓▓▓▓▓▓▓▓▓▓▓


You could see Vypsoan (black mark), a cacodemon (black mark), a demonspawn blood
saint (black mark), a demonspawn corrupter (black mark), 2 demonspawn black
suns, a hell beast (black mark), an orange demon (black mark), a hellion (black
mark), a ynoxinul (black mark), a chaos spawn (black mark) and a red devil
(black mark).

Vanquished Creatures
  4 dread liches
  Tiamat (Zot:1)
  4 ancient liches
  A juggernaut (Depths:2)
  26 royal mummies
  2 pandemonium lords
  The ghost of Igymira the Impregnable, a veteran MiGl of Hepliaklqana (Crypt:1)
  The ghost of Luiw the Slayer, a veteran HOBe of Trog (Vaults:4)
  Geryon (Hell)
  A Killer Klown (Zot:1)
  12 caustic shrikes
  8 golden dragons
  2 profane servitors
  2 bone dragons
  3 Tzitzimimeh
  Arachne (Spider:3)
  Jory (Depths:3)
  Norris (Depths:1)
  4 Brimstone Fiends
  A shard shrike zombie (Crypt:3)
  2 doom hounds (Zot:1)
  3 iron giants
  An Ice Fiend (Tomb:2)
  8 tentacled monstrosities
  3 Hell Sentinels
  13 liches
  A walking crystal tome (Depths:3)
  3 titans (Vaults:5)
  Zenata (Crypt:3)
  Grunn (Zot:1)
  4 deep elf blademasters (Elf:3)
  3 walking earthen tomes (Depths:3)
  5 searing wretches
  3 deep elf master archers
  11 sphinxes
  3 acid blobs (D:12)
  2 walking frostbound tomes
  24 ancient champions
  Murray (Hell)
  Frances (D:12)
  2 Executioners
  8 tentacled starspawn (Abyss:5)
  2 death cobs (Zot:1)
  Kirke (D:14)
  Gastronok (Lair:1)
  5 storm dragons
  2 draconian monks
  5 thorn hunters
  9 tengu reavers
  Aizul (Spider:1)
  Donald (Elf:1)
  4 shadow dragons
  4 revenants
  3 draconian knights
  7 frost giants
  8 fire giants
  3 demonspawn warmongers
  7 nagarajas
  4 ghost moths (Spider:4)
  2 azure jellies (D:12)
  4 quicksilver elementals
  15 vault wardens
  A juggernaut zombie (Crypt:1)
  9 emperor scorpions
  5 iron dragons
  3 deep elf sorcerers
  3 ghouls (Swamp:3)
  A draconian scorcher (Zig:12)
  A deep elf elementalist (Elf:3)
  16 balrugs
  A caustic shrike zombie (Crypt:3)
  5 draconian annihilators
  2 cacodemons
  2 draconian stormcallers (Zot:1)
  4 draconian shifters (Zot:1)
  20 ironbound preservers
  3 broodmothers
  4 demonspawn blood saints
  20 very ugly things
  7 reapers
  8 orc warlords
  2 ophanim (Abyss:5)
  6 ironbound thunderhulks
  5 green draconians
  11 war gargoyles
  2 quicksilver oozes (D:12)
  21 stone giants
  4 eleionomae
  11 vampire knights
  2 deep elf demonologists (Elf:3)
  The ghost of JayJaygamer2134567 the Myrmidon, a journeyman DsFi of Okawaru (D:15)
  8 dire elephants
  3 black draconians (Zot:1)
  2 yellow draconians (Zot:1)
  Azrael (Elf:1)
  4 lorocyprocas
  9 spark wasps
  8 deep elf annihilators
  5 demonspawn black suns
  3 bunyips
  3 merfolk impalers
  2 eidola (Crypt:1)
  A purple draconian (Zot:1)
  5 deep elf death magi
  A red draconian (Zot:1)
  12 ettins
  3 crystal guardians (Crypt:3)
  6 blizzard demons
  18 mummy priests
  4 merfolk javelineers
  A green death (Abyss:5)
  18 yaktaur captains
  5 fire dragons
  13 iron golems
  3 jiangshi
  Josephine (D:14)
  2 shambling mangroves
  5 entropy weavers
  6 rakshasas
  A peacekeeper (Vaults:4)
  4 hell beasts
  5 deep elf high priests
  5 ice dragons
  7 spriggan air magi
  A quicksilver dragon skeleton (Crypt:3)
  12 hydras
  The ghost of Qigaf the Tainter, a journeyman DsVM of Sif Muna (D:12)
  A jorogumo (Spider:4)
  An anaconda (Zig:15)
  A ghost crab (Swamp:2)
  8 salamander tyrants
  3 catoblepae
  8 ironbound frosthearts
  15 two-headed ogres
  35 vault guards
  4 alligators
  5 centaur warriors
  3 death knights
  5 ogre magi
  6 deep troll shamans
  2 stokers (Zig:11)
  5 merfolk aquamancers
  19 dancing weapons
  A sphinx skeleton (Crypt:1)
  4 tengu warriors
  6 radroaches
  9 deep troll earth magi
  14 boulder beetles
  7 vampire magi
  Urug (D:11)
  20 death scarabs
  5 titan zombies
  3 naga warriors (Zig:15)
  16 demonic crawlers
  2 shock serpents (Zig:15)
  3 naga sharpshooters (Zig:15)
  22 deep elf knights
  5 crystal echidnas
  4 death yaks (Lair:5)
  5 orc high priests
  18 sun demons
  2 hell hogs
  8 soul eaters
  3 spriggan berserkers
  8 wretched stars
  Sonja (Lair:1)
  16 hell knights
  A shadow wraith (Vaults:5)
  4 skysharks
  31 skeletal warriors
  Amaemon (Lair:1)
  A sun moth (Spider:4)
  A ghost moth zombie (Crypt:2)
  2 goliath frogs (Swamp:4)
  3 sixfirhies
  5 pharaoh ants
  A spatial maelstrom (Abyss:5)
  60 deep trolls
  An anaconda zombie (Crypt:3)
  An iron giant zombie (Crypt:3)
  A golden dragon zombie (Hell)
  13 orb spiders
  2 spectral hydras (Swamp:4)
  2 shadow demons
  2 flayed ghosts
  13 iron trolls
  14 lindwurms
  2 spark wasp zombies
  10 swamp dragons
  4 spriggan druids
  An anaconda skeleton (Hell)
  A naga ritualist (Zig:15)
  13 deep elf archers
  4 bog bodies
  2 orange crystal statues
  A kraken simulacrum (Hell)
  22 ironbound convokers
  23 deep elf zephyrmancers
  7 phantasmal warriors
  24 deep elf pyromancers
  A golden dragon skeleton (Depths:3)
  7 wizards
  2 tengu zombies (Hell)
  A shadow dragon zombie (Hell)
  A stone giant zombie (Hell)
  12 orc knights
  13 necromancers
  7 steelbarb worms
  10 harpies
  A frost giant zombie (Hell)
  4 manticores
  3 oklob plants (Swamp:4)
  12 orc sorcerers
  7 cyclopes
  2 mana vipers (Zig:15)
  6 will-o-the-wisps
  30 wolf spiders
  35 ugly things
  3 salamanders (Depths:4)
  3 worldbinders (Abyss:5)
  17 elephants (Lair:4)
  A stone giant skeleton (Crypt:3)
  A dire elephant zombie (Crypt:3)
  A fire giant skeleton (Depths:1)
  2 guardian serpents (Zig:15)
  7 smoke demons
  12 moths of wrath
  An ice statue (Hell)
  4 rust devils
  An apocalypse crab (Abyss:7)
  11 black mambas
  A naga mage (Zig:12)
  13 vault sentinels
  2 centaur skeletons
  13 cane toads
  5 torpor snails
  4 orange demons
  A titan simulacrum (Tomb:3)
  A dire elephant skeleton (Crypt:3)
  32 yaktaurs
  8 hellions
  3 unseen horrors
  4 freezing wraiths
  A yaktaur (shapeshifter) (D:8)
  A sea snake zombie (Hell)
  Psyche (D:9)
  2 spark wasp simulacra
  An efreet (D:13)
  A kobold demonologist (D:11)
  4 tormentors
  5 rime drakes
  An anaconda simulacrum (IceCv)
  An ice devil (Hell)
  7 komodo dragons
  6 ancient zymes
  5 hydra zombies
  30 guardian mummies
  2 tengu conjurers
  12 polar bears
  A harpy zombie (Crypt:3)
  19 trolls
  2 sea snake skeletons (Hell)
  9 merfolk (Zig:6)
  6 meliai
  2 red devils
  2 bloated husks
  A minotaur skeleton (Tomb:1)
  8 tyrant leeches
  16 large abominations
  3 hellwings
  33 tarantellas
  An alligator simulacrum (IceCv)
  6 raiju
  27 blink frogs
  10 hornets
  3 ettin zombies (Hell)
  A hydra skeleton (Swamp:4)
  4 slime creatures (D:12)
  4 spriggan zombies
  Sigmund (D:4)
  35 jumping spiders
  A radroach zombie (Crypt:1)
  18 flying skulls
  An air elemental (Zig:10)
  6 spriggans
  20 culicivoras
  41 yaks
  3 wyverns
  2 shadows
  8 ynoxinuls
  A dire elephant simulacrum (IceCv)
  6 fire elementals
  16 ushabtiu
  2 spriggan skeletons
  9 wraiths
  A culicivora (shapeshifter) (D:13)
  Eustachio (D:4)
  21 water elementals
  5 basilisks
  32 starcursed masses
  A sea snake simulacrum (Hell)
  A hog (D:14)
  16 humans (D:14)
  84 redbacks
  A wind drake skeleton (Crypt:1)
  3 chaos spawn
  7 neqoxecs
  5 steam dragons
  Menkaure (D:5)
  9 vampire mosquitoes
  11 wargs
  2 harpy simulacra (IceCv)
  A glowing shapeshifter zombie (Depths:3)
  2 naga zombies
  13 swamp worms
  16 water moccasins
  Duvessa (D:5)
  4 acid dragons
  18 hell hounds
  2 hydra simulacra
  2 nagas (Zig:15)
  A floating eye (D:12)
  61 orc warriors
  An ettin simulacrum (IceCv)
  4 ice beasts
  13 black bears
  6 swamp drakes
  A sky beast (D:7)
  A dream sheep zombie (Crypt:1)
  33 ogres
  A swamp dragon zombie (Swamp:4)
  7 centaurs
  34 wolves
  2 phantoms (D:5)
  12 boggarts
  A manticore skeleton (Crypt:2)
  3 small abominations
  2 kobold brigands
  A dream sheep skeleton (Crypt:1)
  16 bullfrogs
  2 gnoll sergeants
  3 earth elementals
  5 scorpions
  A draconian skeleton (Crypt:1)
  2 necrophages (Crypt:3)
  13 wights
  Dowan (D:5)
  A lindwurm simulacrum (IceCv)
  4 electric eels
  4 howler monkeys
  23 orc priests
  5 hounds
  5 jellies
  3 gnoll boudas
  Jessica (D:2)
  8 iguanas (Lair:5)
  24 orc wizards
  Natasha (thrice) (D:4)
  14 mummies
  18 gnolls
  5 adders
  An ufetubus (D:5)
  2 worms
  4 dart slugs
  68 orcs
  6 ball pythons
  6 bats
  5 endoplasms
  5 giant cockroaches
  9 goblins
  11 hobgoblins
  A jackal (D:3)
  12 kobolds
  4 quokkas
  4 frilled lizards
  6 rats
  2 rat skeletons (Crypt:1)
  A spectral orc (D:7)
  2 fulminant prisms
  5 starspawn tentacles (Abyss:5)
  A tentacle (Hell)
2686 creatures vanquished.

Vanquished Creatures (collateral kills)
  4 caustic shrikes
  A bone dragon (Abyss:7)
  A quicksilver dragon (Vaults:5)
  2 liches (Zot:1)
  An eldritch tentacle (Zot:1)
  An acid blob (Abyss:7)
  A storm dragon (Zot:1)
  An ancient champion (Tomb:3)
  2 shadow dragons
  A deep elf sorcerer (Elf:3)
  A draconian annihilator (Zot:1)
  A draconian stormcaller (Depths:4)
  A vampire knight (Swamp:4)
  3 black draconians
  3 green draconians
  2 bunyips (Swamp:4)
  5 purple draconians (Zot:1)
  A yellow draconian (Zot:1)
  A white draconian (Zot:1)
  A red draconian (Zot:1)
  A mummy priest (Tomb:2)
  A fire dragon (Depths:4)
  2 hydras (Swamp:4)
  An ice dragon (Depths:4)
  A shambling mangrove (Swamp:4)
  A radroach (Spider:3)
  10 death scarabs
  3 thrashing horrors (Abyss:7)
  2 demonic crawlers (Lair:3)
  5 wretched stars
  A deep troll (Vaults:5)
  2 spatial maelstroms
  2 flayed ghosts (Swamp:4)
  A spriggan druid (Swamp:4)
  A spectral hydra (Swamp:4)
  2 swamp dragons (Swamp:4)
  A necromancer (Vaults:4)
  2 moths of wrath (Zot:1)
  A worldbinder (Abyss:7)
  An apocalypse crab (Abyss:5)
  2 torpor snails (Spider:3)
  An efreet (Abyss:5)
  6 guardian mummies
  3 meliai (Spider:3)
  An ancient zyme (Abyss:7)
  2 hydra zombies (Swamp:4)
  2 tyrant leeches (Swamp:4)
  2 hydra skeletons (Swamp:4)
  A death drake skeleton (Swamp:4)
  A fire dragon zombie (Tomb:1)
  4 raiju
  A jumping spider (Spider:3)
  22 flying skulls (Crypt:3)
  A neqoxec (Abyss:7)
  2 redbacks
  2 spatial vortices (Abyss:5)
  2 hydra simulacra (Swamp:4)
  4 large abominations
  A swamp drake (Swamp:4)
  5 mummies
  A lurking horror (Abyss:7)
141 creatures vanquished.

Vanquished Creatures (others)
  A caustic shrike (Dis:4)
  A tentacled starspawn (Abyss:7)
  13 eldritch tentacles
  A draconian stormcaller (Zot:1)
  An ironbound preserver (Vaults:4)
  A green draconian (Depths:4)
  A white draconian (Zot:1)
  An ettin (Depths:4)
  5 great orbs of eyes
  An entropy weaver (shapeshifter) (Depths:2)
  A great orb of eyes (shapeshifter) (Vaults:5)
  An ironbound frostheart (Vaults:1)
  A death scarab (Tomb:1)
  3 thrashing horrors (Abyss:7)
  A glowing orange brain (shapeshifter) (Depths:2)
  A sea snake (shapeshifter) (Depths:2)
  A swamp dragon (Swamp:4)
  A lindwurm (Vaults:3)
  3 necromancers (Vaults:2)
  A wizard (Vaults:1)
  An ugly thing (Depths:1)
  A stone giant zombie (Vaults:2)
  A manticore (Zig:6)
  A moth of wrath (shapeshifter) (Vaults:5)
  A human skeleton (Vaults:2)
  A smoke demon (Abyss:5)
  An apocalypse crab (Abyss:7)
  A vault sentinel (Vaults:1)
  4 yaktaurs (Vaults:2)
  A yaktaur (shapeshifter) (Depths:1)
  A queen bee (shapeshifter) (Elf:1)
  A komodo dragon (shapeshifter) (Vaults:5)
  A merfolk (shapeshifter) (Depths:2)
  A raiju (Abyss:7)
  2 human simulacra (Vaults:2)
  A stone giant simulacrum (Vaults:2)
  13 slime creatures
  A large abomination (Abyss:5)
  A water elemental (Depths:4)
  3 hogs (D:14)
  A spatial vortex (Abyss:5)
  A floating eye (shapeshifter) (D:15)
  4 starcursed masses (Abyss:5)
  3 electric eels (D:15)
  144 jellies
  A mummy (Tomb:2)
  2 endoplasms (Abyss:7)
  An orc (D:8)
  A ball python (D:3)
  18 ball lightnings
  24 foxfires
  184 fulminant prisms
  A lurking horror (Abyss:7)
  10 starspawn tentacles (Abyss:5)
  3 tentacles (Hell)
476 creatures vanquished.

Grand Total: 3303 creatures vanquished

Notes
Turn   | Place    | Note
-------+----------+-------------------------------------------
     0 | D:1      | miscthings the Djinni Conjurer began the quest for the Orb.
     0 | D:1      | miscthings set off with the following spells memorised:
                  | Magic Dart, Searing Ray, Dazzling Flash, Fulminant Prism,
                  | Iskenderun's Mystic Blast.
     0 | D:1      | Reached XP level 1. HP: 15/15 MP: 0/0
    55 | D:1      | Reached XP level 2. HP: 14/21 MP: 0/0
   188 | D:1      | Reached XP level 3. HP: 12/25 MP: 0/0
   188 | D:1      | Learned a level 1 spell: Necrotise
   403 | D:1      | Found a faded altar of an unknown god.
   528 | D:2      | Identified the +2 robe "Joisoet" {rCorr Str+3 Dex+2}
   674 | D:2      | Reached XP level 4. HP: 29/31 MP: 0/0
   793 | D:2      | Noticed Jessica
   796 | D:2      | Killed Jessica
  1194 | D:3      | Found a shimmering altar of Xom.
  1197 | D:3      | Reached XP level 5. HP: 35/35 MP: 0/0
  1197 | D:3      | Learned a level 2 spell: Jinxbite
  1617 | D:3      | Found Oggakk's Magic Scroll Shoppe.
  1633 | D:3      | Bought a scroll of blinking for 105 gold pieces
  1633 | D:3      | Bought a scroll of identify for 28 gold pieces
  1812 | D:4      | Noticed Eustachio
  1820 | D:4      | Killed Eustachio
  1821 | D:4      | Reached skill level 5 in Spellcasting
  1821 | D:4      | Reached skill level 5 in Conjurations
  1821 | D:4      | Reached skill level 5 in Hexes
  1821 | D:4      | Reached skill level 5 in Summonings
  1821 | D:4      | Reached skill level 5 in Necromancy
  1821 | D:4      | Reached skill level 5 in Translocations
  1821 | D:4      | Reached skill level 5 in Transmutations
  1821 | D:4      | Reached skill level 5 in Fire Magic
  1821 | D:4      | Reached skill level 5 in Ice Magic
  1821 | D:4      | Reached skill level 5 in Air Magic
  1821 | D:4      | Reached skill level 5 in Earth Magic
  1821 | D:4      | Reached skill level 5 in Poison Magic
  1821 | D:4      | Reached XP level 6. HP: 22/40 MP: 0/0
  1893 | D:4      | Reached XP level 7. HP: 11/45 MP: 0/0
  1893 | D:4      | Learned a level 3 spell: Volatile Blastmotes
  1978 | D:3      | Bought a scroll of teleportation for 42 gold pieces
  2064 | D:4      | Noticed Sigmund
  2067 | D:4      | Noticed Natasha
  2083 | D:4      | Killed Sigmund
  2102 | D:4      | Killed Natasha
  2117 | D:4      | Noticed Natasha
  2125 | D:4      | Killed Natasha
  2159 | D:4      | Found a broken altar of Ashenzari.
  2169 | D:4      | Found a stormy altar of Qazlal.
  2172 | D:4      | Noticed Natasha
  2177 | D:4      | Killed Natasha
  2229 | D:4      | You are sucked into a shaft and drop 2 floors!
  2240 | D:5      | Entered Level 5 of the Dungeon
  2243 | D:5      | Noticed an acid dragon
  2247 | D:5      | Reached XP level 8. HP: 44/50 MP: 0/0
  2250 | D:5      | Noticed Duvessa
  2251 | D:5      | Noticed Dowan
  2337 | D:5      | Killed Duvessa
  2340 | D:5      | Killed Dowan
  2487 | D:5      | Reached XP level 9. HP: 38/55 MP: 0/0
  2487 | D:5      | Learned a level 4 spell: Vhi's Electric Charge
  2490 | D:5      | Noticed Menkaure
  2494 | D:5      | Killed Menkaure
  2563 | D:5      | Found a staircase to the Ecumenical Temple.
  2581 | Temple   | Entered the Ecumenical Temple
  2603 | D:5      | Found a white marble altar of Elyvilon.
  3728 | D:7      | Found a basalt altar of Yredelemnul.
  3881 | D:7      | Reached skill level 10 in Spellcasting
  3881 | D:7      | Reached skill level 10 in Conjurations
  3881 | D:7      | Reached skill level 10 in Hexes
  3881 | D:7      | Reached skill level 10 in Summonings
  3881 | D:7      | Reached skill level 10 in Necromancy
  3881 | D:7      | Reached skill level 10 in Translocations
  3881 | D:7      | Reached skill level 10 in Transmutations
  3881 | D:7      | Reached skill level 10 in Fire Magic
  3881 | D:7      | Reached skill level 10 in Ice Magic
  3881 | D:7      | Reached skill level 10 in Air Magic
  3881 | D:7      | Reached skill level 10 in Earth Magic
  3881 | D:7      | Reached skill level 10 in Poison Magic
  4117 | D:7      | Reached XP level 10. HP: 24/60 MP: 0/0
  4299 | D:8      | Noticed a yaktaur
  4302 | D:8      | Noticed a rakshasa
  4305 | D:8      | Killed a yaktaur
  4310 | D:8      | Killed a rakshasa
  4567 | D:8      | Noticed a centaur warrior
  4578 | D:8      | Killed a centaur warrior
  4870 | D:8      | Found a staircase to the Lair.
  5189 | D:8      | Reached skill level 1 in Fighting
  5189 | D:8      | Reached skill level 1 in Armour
  5189 | D:8      | Reached skill level 1 in Shields
  5189 | D:8      | Reached skill level 1 in Evocations
  5189 | D:8      | Reached XP level 11. HP: 57/67 MP: 0/0
  5189 | D:8      | Learned a level 5 spell: Irradiate
  5467 | Lair:1   | Entered Level 1 of the Lair of Beasts
  5908 | Lair:1   | Noticed Sonja
  5915 | Lair:1   | Killed Sonja
  6033 | Lair:1   | Noticed Gastronok
  6053 | Lair:1   | Killed Gastronok
  6210 | Lair:1   | Reached skill level 5 in Dodging
  6210 | Lair:1   | Reached XP level 12. HP: 59/78 MP: 0/0
  6219 | Lair:1   | Noticed Amaemon
  6225 | Lair:1   | Killed Amaemon
  6524 | Lair:2   | Reached skill level 5 in Fighting
  6524 | Lair:2   | Reached skill level 5 in Armour
  6524 | Lair:2   | Reached skill level 5 in Shields
  6524 | Lair:2   | Reached skill level 5 in Evocations
  6836 | Lair:2   | You are sucked into a shaft and drop 1 floor!
  7257 | Lair:2   | Found a staircase to the Swamp.
  7480 | Lair:3   | Reached XP level 13. HP: 61/86 MP: 0/0
  7480 | Lair:3   | Learned a level 5 spell: Silence
  7917 | Lair:3   | Identified 2 scrolls of acquirement
  7917 | Lair:3   | Acquired 1041 gold pieces
  7919 | Lair:3   | Acquired a +0 buckler of protection
  7959 | Lair:3   | Found a hole to the Spider Nest.
  8549 | Lair:4   | Found a staircase to the Slime Pits.
  9319 | Lair:5   | Entered Level 5 of the Lair of Beasts
  9319 | Lair:5   | Noticed an eight-headed hydra
  9323 | Lair:5   | Killed an eight-headed hydra
  9327 | Lair:5   | Reached XP level 14. HP: 81/96 MP: 0/0
 10790 | Lair:5   | Reached XP level 15. HP: 46/104 MP: 0/0
 10790 | Lair:5   | Learned a level 6 spell: Plasma Beam
 11348 | D:9      | Found an ornate altar of the Wu Jian Council.
 11418 | D:9      | Reached skill level 10 in Dodging
 11483 | D:9      | Found Areppil's Overcharged Wands.
 11941 | D:9      | Noticed Psyche
 11943 | D:9      | Killed Psyche
 12185 | D:10     | Entered Level 10 of the Dungeon
 12687 | D:10     | Found a glowing silver altar of Zin.
 12688 | D:10     | Noticed an angel
 12856 | D:10     | Found an iron altar of Okawaru.
 13036 | D:11     | Noticed Urug
 13044 | D:11     | Killed Urug
 13218 | D:11     | Found a staircase to the Orcish Mines.
 13550 | D:12     | Noticed Frances
 13667 | Orc:1    | Entered Level 1 of the Orcish Mines
 13667 | Orc:1    | Noticed an orc warlord
 13675 | Orc:1    | Killed an orc warlord
 13681 | Orc:1    | Paralysed by an orc sorcerer for 3 turns
 13723 | Orc:1    | Noticed an orc warlord
 13732 | Orc:1    | Killed an orc warlord
 13792 | Orc:1    | Found Xairut's Antique Armour Boutique.
 13801 | Orc:1    | Bought a glowing cloak for 225 gold pieces
 13801 | Orc:1    | Bought a slimy ring mail for 270 gold pieces
 13801 | Orc:1    | Identified the +3 ring mail "Xijeper" {Will+ Stlth+} (You
                  | bought it in a shop on level 1 of the Orcish Mines)
 13880 | Orc:1    | Noticed an orc warlord
 13885 | Orc:1    | Killed an orc warlord
 13975 | Orc:1    | Identified the +8 rapier of Xuergh {speed, MP+9}
 13977 | Orc:1    | Identified the +10 trident of Deflation {drain, Str+3}
 14021 | Orc:1    | Identified the +6 flail "Guchiw" {venom, Will+ Dex+4}
 14179 | Orc:2    | Entered Level 2 of the Orcish Mines
 14313 | Orc:1    | Found Laorait's Antique Armour Shop.
 14562 | Orc:2    | Found Apiubute's Book Shoppe.
 14629 | Orc:2    | Found a staircase to the Elven Halls.
 14652 | Orc:2    | Reached XP level 16. HP: 87/112 MP: 0/0
 14679 | Elf:1    | Entered Level 1 of the Elven Halls
 14771 | Orc:2    | Reached skill level 10 in Fighting
 14771 | Orc:2    | Reached skill level 10 in Armour
 14771 | Orc:2    | Reached skill level 10 in Shields
 14771 | Orc:2    | Reached skill level 10 in Evocations
 14892 | Orc:2    | Found Agebesha's General Store.
 14895 | Orc:2    | Found Qaudekys's Assorted Antiques.
 14898 | Orc:2    | Found Lemnexi's General Store.
 14900 | Orc:2    | Bought a smoky grey potion for 26 gold pieces
 14900 | Orc:2    | Bought a pair of glowing gloves for 217 gold pieces
 14900 | Orc:2    | Bought a brown potion for 26 gold pieces
 14906 | Orc:2    | Bought a potion of heal wounds for 55 gold pieces
 14906 | Orc:2    | Bought a scroll of identify for 22 gold pieces
 14906 | Orc:2    | Bought a scroll of blinking for 82 gold pieces
 14906 | Orc:2    | Bought a scroll of identify for 22 gold pieces
 14910 | Orc:2    | Found Isetu's Assorted Antiques.
 14914 | Orc:2    | Bought a scroll of fog for 72 gold pieces
 15170 | D:12     | Found a runed translucent gate.
 15171 | D:12     | Found a runed translucent gate.
 15174 | D:12     | Found a runed translucent gate.
 15174 | D:12     | Noticed an azure jelly
 15177 | D:12     | Noticed an acid blob
 15177 | D:12     | Noticed an azure jelly
 15177 | D:12     | Noticed Qigaf's ghost (journeyman DsVM)
 15178 | D:12     | Found a viscous altar of Jiyva.
 15178 | D:12     | Noticed an acid blob
 15178 | D:12     | Found the +3 Mad Mage's Maulers {Infuse+∞ VampMP -Cast}
 15179 | D:12     | Noticed an acid blob
 15200 | D:12     | Killed an acid blob
 15201 | D:12     | Killed an acid blob
 15203 | D:12     | Killed Qigaf's ghost
 15203 | D:12     | Killed an acid blob
 15203 | D:12     | Killed an azure jelly
 15208 | D:12     | Killed an azure jelly
 15252 | D:12     | Became a worshipper of Jiyva Juyqagh the Shapeless
 15293 | D:12     | Killed Frances
 15645 | D:13     | Reached * piety under Jiyva
 16009 | D:13     | Reached ** piety under Jiyva
 16316 | D:13     | Found a portal to a secret trove of treasure.
 16375 | D:14     | Noticed Nessos
 16375 | D:14     | Found a gate to the Vaults.
 16376 | D:14     | Nessos changed into Nessos the torpor snail
 16376 | D:14     | Noticed Nessos
 16379 | D:14     | Killed Nessos the torpor snail
 16380 | D:14     | Reached XP level 17. HP: 108/121 MP: 0/0
 16380 | D:14     | Learned a level 7 spell: Malign Gateway
 16433 | D:14     | Noticed Kirke
 16437 | D:14     | Killed Kirke
 16437 | D:14     | Noticed Josephine
 16446 | D:14     | Killed Josephine
 16651 | D:14     | Reached *** piety under Jiyva
 16887 | D:14     | Gained mutation: You possess an exceptional clarity of
                  | mind. [Jiyva's grace]
 16887 | D:14     | Gained mutation: Your muscles are strong. (Str +4, Int/Dex
                  | -1) [Jiyva's grace]
 16887 | D:14     | Gained mutation: Your muscles are very strong. (Str +8,
                  | Int/Dex -2) [Jiyva's grace]
 16887 | D:14     | Gained mutation: Your spells are a little harder to cast,
                  | but a little more powerful. [Jiyva's grace]
 17000 | D:14     | Found a shadowy altar of Dithmenos.
 17464 | D:15     | Entered Level 15 of the Dungeon
 17471 | D:15     | Reached **** piety under Jiyva
 17516 | D:15     | Identified the staff of Pride {rC+ Str+4 SInv Ice}
 17771 | D:15     | Found a staircase to the Depths.
 18073 | D:15     | Found a runed translucent gate.
 18073 | D:15     | Found a runed translucent gate.
 18073 | D:15     | Found a runed translucent gate.
 18074 | D:15     | Noticed JayJaygamer2134567's ghost (journeyman DsFi)
 18094 | D:15     | Killed JayJaygamer2134567's ghost
 18103 | D:15     | Identified the +3 broad axe of the Gnashing Rat {elec,
                  | rElec Int+3 Stlth+}
 18677 | Elf:1    | Noticed Azrael
 18682 | Elf:1    | Killed Azrael
 18746 | Elf:1    | Found Xixeretzo's Jewellery Emporium.
 18848 | Elf:1    | Noticed Donald
 18849 | Elf:1    | Killed Donald
 18864 | Elf:1    | Found Xirot's Distillery.
 18870 | Elf:1    | Bought 2 potions of mutation for 288 gold pieces
 18943 | Elf:1    | Found Xuginkyl's Weapon Emporium.
 19018 | Elf:1    | Found a runed translucent door.
 19018 | Elf:1    | Noticed Hucouhao's ghost (adept DsCj)
 19079 | Elf:1    | Reached XP level 18. HP: 111/130 MP: 0/0
 19136 | Elf:1    | Found a transporter.
 19141 | Elf:1    | Found Efitupn's Antique Armour Shoppe.
 19170 | Elf:1    | Reached ***** piety under Jiyva
 19182 | Elf:1    | Found a transporter.
 19384 | Elf:1    | Bought an encrusted helmet for 361 gold pieces
 19384 | Elf:1    | Identified the +2 helmet of the Curious Gods {Harm} (You
                  | bought it in a shop on level 1 of the Elven Halls)
 19402 | Elf:2    | Found Cepar's Jewellery Shop.
 19481 | Elf:2    | Lost mutation: Your spells are a little harder to cast, but
                  | a little more powerful. [Jiyva's grace]
 19481 | Elf:2    | Gained mutation: You have a pair of small antennae on your
                  | head. [Jiyva's grace]
 19481 | Elf:2    | Gained mutation: You have a pair of antennae on your head.
                  | [Jiyva's grace]
 19481 | Elf:2    | Gained mutation: You have a pair of large antennae on your
                  | head. (SInv) [Jiyva's grace]
 19481 | Elf:2    | Gained mutation: You are strong-willed. (Will+) [Jiyva's
                  | grace]
 19722 | Elf:2    | Found a runed translucent gate.
 19722 | Elf:2    | Found a runed translucent gate.
 19723 | Elf:2    | Found a runed translucent gate.
 19913 | Elf:3    | Entered Level 3 of the Elven Halls
 19925 | Elf:3    | Found Plog's Weapon Shop.
 19975 | Elf:3    | Found Beibruck's Armour Emporium.
 20032 | Elf:3    | Found Loaddeg's General Store.
 20040 | Elf:3    | Bought a scroll of teleportation for 63 gold pieces
 20040 | Elf:3    | Bought a scroll of immolation for 84 gold pieces
 20068 | Elf:3    | Found Cuda's General Store.
 20128 | Elf:3    | Found Myggok's Jewellery Shoppe.
 20143 | Elf:3    | Bought an amulet of reflection for 570 gold pieces
 20454 | Elf:3    | Noticed a deep elf blademaster
 20456 | Elf:3    | Noticed a deep elf blademaster
 20461 | Elf:3    | Killed a deep elf blademaster
 20463 | Elf:3    | Noticed a deep elf blademaster
 20463 | Elf:3    | Noticed a deep elf master archer
 20466 | Elf:3    | Killed a deep elf master archer
 20469 | Elf:3    | Killed a deep elf blademaster
 20469 | Elf:3    | Killed a deep elf blademaster
 20493 | Elf:3    | Reached skill level 15 in Dodging
 20495 | Elf:3    | Noticed a deep elf blademaster
 20500 | Elf:3    | Killed a deep elf blademaster
 20501 | Elf:3    | Reached skill level 15 in Spellcasting
 20501 | Elf:3    | Reached skill level 15 in Conjurations
 20501 | Elf:3    | Reached skill level 15 in Hexes
 20501 | Elf:3    | Reached skill level 15 in Summonings
 20501 | Elf:3    | Reached skill level 15 in Necromancy
 20501 | Elf:3    | Reached skill level 15 in Translocations
 20501 | Elf:3    | Reached skill level 15 in Transmutations
 20501 | Elf:3    | Reached skill level 15 in Fire Magic
 20501 | Elf:3    | Reached skill level 15 in Ice Magic
 20501 | Elf:3    | Reached skill level 15 in Air Magic
 20501 | Elf:3    | Reached skill level 15 in Earth Magic
 20501 | Elf:3    | Reached skill level 15 in Poison Magic
 20501 | Elf:3    | Reached XP level 19. HP: 59/139 MP: 0/0
 20501 | Elf:3    | Learned a level 6 spell: Conjure Ball Lightning
 20612 | Elf:3    | Noticed a Hell Sentinel
 20619 | Elf:3    | Identified the ring "Naoxte" {Int+3 Dex+2 SInv Stlth+}
 20709 | Elf:3    | Found the +8 trishula "Condemnation" {holy, anguish, *Noise
                  | Fly rN+}
 20721 | Elf:3    | Identified the +6 longbow "Omonoesk" {speed, rF+ rC++}
 20731 | Elf:3    | Identified the +9 mace of Puerghodd {flame, rN++ Dex-3
                  | SInv}
 20768 | Elf:3    | Identified the ring of Niynkef {rF- rN+ Dex+6}
 21067 | Elf:2    | Noticed a deep elf blademaster
 21321 | D:3      | Bought a scroll of immolation for 56 gold pieces
 21321 | D:3      | Bought a scroll of immolation for 56 gold pieces
 21506 | Spider:1 | Entered Level 1 of the Spider Nest
 21527 | Spider:1 | Noticed Aizul
 21778 | D:13     | You paid a toll of 3 scrolls of blinking to enter a
                  | treasure trove
 21779 | Trove    | Identified Sif Muna's Book of the Spectral Door (Sif Muna
                  | gifted it to you in a treasure trove)
 21779 | Trove    | Identified Sif Muna's Compilation of Confrontation and Doom
                  | (Sif Muna gifted it to you in a treasure trove)
 21779 | Trove    | Identified Sif Muna's Catalogue of Topology and Algor (Sif
                  | Muna gifted it to you in a treasure trove)
 21779 | Trove    | Identified Sif Muna's Reference Book on Massed Fire (Sif
                  | Muna gifted it to you in a treasure trove)
 21779 | Trove    | Identified Sif Muna's Vellum of Beguiling Battle Magic (Sif
                  | Muna gifted it to you in a treasure trove)
 21779 | Trove    | Identified Eclaumif's Almanac of the Congregation and
                  | Bewitchment (Sif Muna gifted it to you in a treasure trove)
 21779 | Trove    | Identified Sif Muna's Octavo of Electric Attacks (Sif Muna
                  | gifted it to you in a treasure trove)
 21779 | Trove    | Identified Sif Muna's Omnibus of the Charnel House (Sif
                  | Muna gifted it to you in a treasure trove)
 21779 | Trove    | Identified Sif Muna's Papyrus of Wounds and Despicable Acts
                  | (Sif Muna gifted it to you in a treasure trove)
 21779 | Trove    | Identified Sif Muna's Thoughts on Captivating Conflict (Sif
                  | Muna gifted it to you in a treasure trove)
 21779 | Trove    | Identified Sif Muna's Compilation of the Band and
                  | Bewitchment (Sif Muna gifted it to you in a treasure trove)
 21779 | Trove    | Identified Sif Muna's Book of Frostbitten Nonlocality (Sif
                  | Muna gifted it to you in a treasure trove)
 21779 | Trove    | Identified Sif Muna's Information on Charged Poison (Sif
                  | Muna gifted it to you in a treasure trove)
 21779 | Trove    | Identified Seblagg's Elucidation of the Compass and
                  | Transmigration (Sif Muna gifted it to you in a treasure
                  | trove)
 21779 | Trove    | Identified Ogemet's Book of Mortification (Sif Muna gifted
                  | it to you in a treasure trove)
 21779 | Trove    | Identified Sif Muna's Papyrus of Vitiation and the Salvo
                  | (Sif Muna gifted it to you in a treasure trove)
 21779 | Trove    | Identified Nirphecacw's Monograph on the Repulsive Birds
                  | (Sif Muna gifted it to you in a treasure trove)
 21779 | Trove    | Identified Sif Muna's Progressing With Sorcery (Sif Muna
                  | gifted it to you in a treasure trove)
 21779 | Trove    | Identified Sif Muna's Almanac of the Vexatious Escort (Sif
                  | Muna gifted it to you in a treasure trove)
 21779 | Trove    | Identified Sif Muna's Secrets of Beguiling and Kinetic
                  | Energy (Sif Muna gifted it to you in a treasure trove)
 21779 | Trove    | Identified Sif Muna's Compendium of the Figure and
                  | Accompaniment (Sif Muna gifted it to you in a treasure
                  | trove)
 21779 | Trove    | Identified Qunoibri's Encyclopedia of the Pneumatic Map
                  | (Sif Muna gifted it to you in a treasure trove)
 21779 | Trove    | Identified Ziunipp's Compendium of Smouldering Wounds (Sif
                  | Muna gifted it to you in a treasure trove)
 21779 | Trove    | Identified Gohax's Folio of Blasting (Sif Muna gifted it to
                  | you in a treasure trove)
 21779 | Trove    | Identified Ijatz's Guidebook on Solid Impulse (Sif Muna
                  | gifted it to you in a treasure trove)
 21779 | Trove    | Identified Sif Muna's Parchment of Chilling Putrescence
                  | (Sif Muna gifted it to you in a treasure trove)
 21779 | Trove    | Identified Onafuff's Codex of Fey Distance (Sif Muna gifted
                  | it to you in a treasure trove)
 21779 | Trove    | Identified Sif Muna's Folio of Excruciating Oromancy (Sif
                  | Muna gifted it to you in a treasure trove)
 21779 | Trove    | Identified Sif Muna's Tome of the Brume and Trauma (Sif
                  | Muna gifted it to you in a treasure trove)
 21779 | Trove    | Identified Sif Muna's Handbook of the Mortuary Bonfire (Sif
                  | Muna gifted it to you in a treasure trove)
 21779 | Trove    | Identified Geceulallo's Tractate on the Excruciating Switch
                  | (Sif Muna gifted it to you in a treasure trove)
 21779 | Trove    | Identified Sif Muna's Advanced Mysticism (Sif Muna gifted
                  | it to you in a treasure trove)
 21779 | Trove    | Identified Kabehiciat's Tome of Foggy Confrontation (Sif
                  | Muna gifted it to you in a treasure trove)
 21779 | Trove    | Identified Sualipto's Atlas of Translocational Combustion
                  | (Sif Muna gifted it to you in a treasure trove)
 21779 | Trove    | Identified Sif Muna's Quarto of Coordinates and the Boggart
                  | (Sif Muna gifted it to you in a treasure trove)
 21779 | Trove    | Identified Sif Muna's Incunabulum of Nauseating Austromancy
                  | (Sif Muna gifted it to you in a treasure trove)
 21779 | Trove    | Identified Sif Muna's Folio of Concussion and Misfortune
                  | (Sif Muna gifted it to you in a treasure trove)
 21779 | Trove    | Identified Sif Muna's Omnibus of Fey Creation (Sif Muna
                  | gifted it to you in a treasure trove)
 21779 | Trove    | Identified Sif Muna's Compendium of the Heavy Barrage (Sif
                  | Muna gifted it to you in a treasure trove)
 21779 | Trove    | Identified Sif Muna's Secrets of Darkness (Sif Muna gifted
                  | it to you in a treasure trove)
 21779 | Trove    | Identified Sif Muna's Secrets of the Whammy (Sif Muna
                  | gifted it to you in a treasure trove)
 21779 | Trove    | Identified Sif Muna's Directory of Disjunct Doom (Sif Muna
                  | gifted it to you in a treasure trove)
 21779 | Trove    | Identified Sif Muna's Folio of Curses and Turbulence (Sif
                  | Muna gifted it to you in a treasure trove)
 21779 | Trove    | Identified Sif Muna's Guidebook on the Welkin and
                  | Leadership (Sif Muna gifted it to you in a treasure trove)
 21779 | Trove    | Identified Sif Muna's Precepts of the Windy Congregation
                  | (Sif Muna gifted it to you in a treasure trove)
 21779 | Trove    | Identified Sif Muna's Almanac of Evil (Sif Muna gifted it
                  | to you in a treasure trove)
 21779 | Trove    | Identified Puroinats's Volume of the Conjured Crypt (Sif
                  | Muna gifted it to you in a treasure trove)
 21779 | Trove    | Identified Sif Muna's Vademecum on Geological Arcane
                  | Weapons (Sif Muna gifted it to you in a treasure trove)
 21779 | Trove    | Identified Sif Muna's Octavo of Quantum Assaults (Sif Muna
                  | gifted it to you in a treasure trove)
 21779 | Trove    | Identified Kienkyil's Incunabulum of Jinxing (Sif Muna
                  | gifted it to you in a treasure trove)
 21779 | Trove    | Identified Wab Ele's Incunabulum of Misfortune and the
                  | Sixfirhy (Sif Muna gifted it to you in a treasure trove)
 21779 | Trove    | Identified Sif Muna's Thoughts on the Wintry Voyage (Sif
                  | Muna gifted it to you in a treasure trove)
 21779 | Trove    | Identified Sif Muna's Directory of Chilly Rallying (Sif
                  | Muna gifted it to you in a treasure trove)
 21779 | Trove    | Identified Sif Muna's Quarto of Instinct (Sif Muna gifted
                  | it to you in a treasure trove)
 21779 | Trove    | Identified Sif Muna's Papyrus of Command (Sif Muna gifted
                  | it to you in a treasure trove)
 21779 | Trove    | Identified Isuigait's Essays on Topography and the Switch
                  | (Sif Muna gifted it to you in a treasure trove)
 21779 | Trove    | Identified Sif Muna's Incunabulum of Fulgurous Fire (Sif
                  | Muna gifted it to you in a treasure trove)
 21779 | Trove    | Identified Puxaun's Exposition on Meteoric Evil (Sif Muna
                  | gifted it to you in a treasure trove)
 21779 | Trove    | Identified Nusuzeuff's Grimoire of Nightshade (Sif Muna
                  | gifted it to you in a treasure trove)
 21779 | Trove    | Identified Sif Muna's Codex of Assembled Direction (Sif
                  | Muna gifted it to you in a treasure trove)
 21779 | Trove    | Identified Qolukk's Reference Book on Assaults and
                  | Companions (Sif Muna gifted it to you in a treasure trove)
 21779 | Trove    | Identified Joziet's Spellbook of Transposition and the
                  | Queen Bee (Sif Muna gifted it to you in a treasure trove)
 21779 | Trove    | Identified Sif Muna's Anthology of Charms (Sif Muna gifted
                  | it to you in a treasure trove)
 21779 | Trove    | Identified Sif Muna's Guide on Translocated Violence (Sif
                  | Muna gifted it to you in a treasure trove)
 21779 | Trove    | Identified Sif Muna's Tractate on Quantum Glamour (Sif Muna
                  | gifted it to you in a treasure trove)
 21779 | Trove    | Identified Sif Muna's Lessons on Frore Forces (Sif Muna
                  | gifted it to you in a treasure trove)
 21779 | Trove    | Identified Sif Muna's Essays on Vehement Enchantment (Sif
                  | Muna gifted it to you in a treasure trove)
 21779 | Trove    | Identified Wafazar's Octavo of Violent Austromancy (Sif
                  | Muna gifted it to you in a treasure trove)
 21779 | Trove    | Identified Sif Muna's Exposition on the Discharge (Sif Muna
                  | gifted it to you in a treasure trove)
 21779 | Trove    | Identified Guvaek's Secrets of Transportation and the
                  | Spider (Sif Muna gifted it to you in a treasure trove)
 21779 | Trove    | Identified Sif Muna's Spellbook of Filthy Electricity (Sif
                  | Muna gifted it to you in a treasure trove)
 21779 | Trove    | Identified Sif Muna's Incunable of the Anticline and the
                  | Fairies (Sif Muna gifted it to you in a treasure trove)
 21779 | Trove    | Identified Sif Muna's Folio of Fateful Sciomancy (Sif Muna
                  | gifted it to you in a treasure trove)
 21779 | Trove    | Identified Sif Muna's Compilation of Fluctuating Misfortune
                  | (Sif Muna gifted it to you in a treasure trove)
 21779 | Trove    | Identified Sif Muna's Treatise on Malisons (Sif Muna gifted
                  | it to you in a treasure trove)
 21779 | Trove    | Identified Sif Muna's Lectures on the Variable Gang (Sif
                  | Muna gifted it to you in a treasure trove)
 21779 | Trove    | Identified Sif Muna's Tome of Maledictive Ice (Sif Muna
                  | gifted it to you in a treasure trove)
 21779 | Trove    | Identified Sif Muna's Tome of Bruises and Ozone (Sif Muna
                  | gifted it to you in a treasure trove)
 21779 | Trove    | Identified Sif Muna's Anthology of Embers (Sif Muna gifted
                  | it to you in a treasure trove)
 21779 | Trove    | Identified Sif Muna's Cyclopedia of Dusty Kindling (Sif
                  | Muna gifted it to you in a treasure trove)
 21779 | Trove    | Identified Sif Muna's Parchment of the Xenotype and
                  | Conflagration (Sif Muna gifted it to you in a treasure
                  | trove)
 21779 | Trove    | Identified Loevelak's Catalogue of the Desert (Sif Muna
                  | gifted it to you in a treasure trove)
 21779 | Trove    | Identified Sif Muna's Compilation of Death and Envenoming
                  | (Sif Muna gifted it to you in a treasure trove)
 21779 | Trove    | Identified Voff's Volume of Command and Topomancy (Sif Muna
                  | gifted it to you in a treasure trove)
 21779 | Trove    | Identified Sif Muna's Omnibus of Arcane Weapons (Sif Muna
                  | gifted it to you in a treasure trove)
 21779 | Trove    | Identified Sif Muna's Verses on the Necrotic Xenotype (Sif
                  | Muna gifted it to you in a treasure trove)
 21779 | Trove    | Entered a treasure trove
 22078 | Spider:1 | Killed Aizul
 22111 | Spider:1 | Gained mutation: Your rubbery body absorbs attacks. (AC +1,
                  | EV +1) [Jiyva's grace]
 22111 | Spider:1 | Gained mutation: Your pliable body absorbs attacks. (AC +2,
                  | EV +2) [Jiyva's grace]
 22111 | Spider:1 | Gained mutation: Your gelatinous body deflects attacks. (AC
                  | +3, EV +3) [Jiyva's grace]
 22111 | Spider:1 | Gained mutation: You are agile. (Dex +4, Str/Int -1)
                  | [Jiyva's grace]
 22265 | Spider:1 | Reached ****** piety under Jiyva
 23212 | Spider:2 | Identified the +2 leather armour of the Great Game {+Inv
                  | Str-3 Dex+3}
 23253 | Spider:2 | Identified the +0 robe "Jemi Roi" {Str-5 Dex+9}
 23437 | Spider:3 | Lost mutation: You have a pair of large antennae on your
                  | head. (SInv) [Jiyva's grace]
 23437 | Spider:3 | Lost mutation: Your gelatinous body deflects attacks. (AC
                  | +3, EV +3) [Jiyva's grace]
 23437 | Spider:3 | Gained mutation: You have supernaturally acute eyesight.
                  | (SInv) [Jiyva's grace]
 23437 | Spider:3 | Gained mutation: You are partially covered in iridescent
                  | scales. (AC +2) [Jiyva's grace]
 23437 | Spider:3 | Gained mutation: You are mostly covered in iridescent
                  | scales. (AC +4) [Jiyva's grace]
 23437 | Spider:3 | Gained mutation: You are completely covered in iridescent
                  | scales. (AC +6) [Jiyva's grace]
 23505 | Spider:3 | Noticed Arachne
 23515 | Spider:3 | Killed Arachne
 23527 | Spider:3 | Reached XP level 20. HP: 67/148 MP: 0/0
 23988 | Spider:4 | Entered Level 4 of the Spider Nest
 24275 | Spider:4 | Reached skill level 15 in Fighting
 24544 | Spider:4 | Got a gossamer rune of Zot
 24799 | Slime:1  | Entered Level 1 of the Pits of Slime
 24822 | Slime:5  | Entered Level 5 of the Pits of Slime
 24824 | Slime:5  | Found a viscous altar of Jiyva.
 24828 | Slime:5  | Identified the +3 shortbow of Duerotsi {flame, +Blink rC-
                  | Will+}
 24829 | Slime:5  | Identified the +4 glaive of the Battered Beggars
                  | {antimagic, +Blink rElec Int+3}
 24836 | Slime:5  | Identified the ring "Tumuf" {rPois rCorr Str-3 Int+3
                  | Dex+10}
 24857 | Slime:5  | Got a slimy rune of Zot
 24877 | Slime:5  | Identified the +3 spear of Xeqek {freeze, rPois Will+
                  | Int+2}
 24878 | Slime:5  | Identified the +0 ring mail "Qyum" {Int+3}
 24880 | Slime:5  | Identified the ring "Ohoji" {Fly rF+ rCorr Dex+4}
 24881 | Slime:5  | Identified the ring of Niosm {Will- Int-3 Dex+8 Slay+4
                  | SInv}
 24882 | Slime:5  | Identified the amulet "Nealoa" {Spirit rC++ Will+ Slay+3}
 24894 | Slime:5  | Identified the +0 fire dragon scales of Erehyb {Rampage
                  | rElec rPois rF++ rC- Dex-3}
 24896 | Slime:5  | Identified the +8 battleaxe "Soxtab" {heavy, Fragile rPois
                  | Int+3 Dex+3}
 24911 | Slime:5  | Identified the +8 flail of Sulphur {speed, rCorr Str+2}
 24943 | Slime:5  | Noticed the Royal Jelly
 25068 | Swamp:1  | Entered Level 1 of the Swamp
 25162 | Swamp:1  | Reached XP level 21. HP: 37/156 MP: 0/0
 25162 | Swamp:1  | Learned a level 7 spell: Enfeeble
 25254 | Swamp:3  | Reached skill level 15 in Armour
 25306 | Swamp:3  | Found a frozen archway.
 25315 | IceCv    | Entered an ice cave
 25329 | IceCv    | Found a transporter.
 25369 | IceCv    | Found a transporter.
 25423 | Swamp:4  | Entered Level 4 of the Swamp
 25665 | Swamp:4  | Lost mutation: You have a pair of antennae on your head.
                  | [Jiyva's grace]
 25665 | Swamp:4  | Lost mutation: Your muscles are very strong. (Str +8,
                  | Int/Dex -2) [Jiyva's grace]
 25665 | Swamp:4  | Gained mutation: You passively map a small area around you.
                  | [Jiyva's grace]
 25665 | Swamp:4  | Gained mutation: You passively map the area around you.
                  | [Jiyva's grace]
 25665 | Swamp:4  | Gained mutation: You passively map a large area around you.
                  | [Jiyva's grace]
 25665 | Swamp:4  | Gained mutation: You have a small jelly attached to you
                  | that may absorb projectiles. [Jiyva's grace]
 25673 | Swamp:4  | Found a basalt altar of Yredelemnul.
 25685 | Swamp:4  | Got a decaying rune of Zot
 25707 | Swamp:4  | Found a blossoming altar of Fedhas.
 26261 | Vaults:1 | Entered Level 1 of the Vaults
 26360 | Orc:2    | Bought a staff of air for 725 gold pieces
 26673 | Vaults:1 | Reached XP level 22. HP: 149/166 MP: 0/0
 26756 | Vaults:1 | Identified the +0 scale mail of Vumuul {Rampage +Inv Int+3}
 27370 | Vaults:2 | Found Conewug's Jewellery Shop.
 27386 | Vaults:2 | Found Moilizul's Jewellery Shoppe.
 27608 | Vaults:2 | Lost mutation: You are completely covered in iridescent
                  | scales. (AC +6) [Jiyva's grace]
 27608 | Vaults:2 | Lost mutation: You are mostly covered in iridescent scales.
                  | (AC +4) [Jiyva's grace]
 27608 | Vaults:2 | Lost mutation: You have supernaturally acute eyesight.
                  | (SInv) [Jiyva's grace]
 27608 | Vaults:2 | Lost mutation: You are agile. (Dex +4, Str/Int -1) [Jiyva's
                  | grace]
 27608 | Vaults:2 | Lost mutation: You possess an exceptional clarity of mind.
                  | [Jiyva's grace]
 27608 | Vaults:2 | Lost mutation: You are strong-willed. (Will+) [Jiyva's
                  | grace]
 27608 | Vaults:2 | Lost mutation: You have a small jelly attached to you that
                  | may absorb projectiles. [Jiyva's grace]
 27608 | Vaults:2 | Gained mutation: You have a small jelly attached to you
                  | that senses nearby items. [Jiyva's grace]
 27608 | Vaults:2 | Gained mutation: You have sharp fingernails. [Jiyva's
                  | grace]
 27608 | Vaults:2 | Gained mutation: You have very sharp fingernails. [Jiyva's
                  | grace]
 27608 | Vaults:2 | Gained mutation: You have claws for hands. [Jiyva's grace]
 27969 | Vaults:2 | Found Roazeus's Antique Weapon Emporium.
 28035 | Vaults:2 | Found Woghum's Distillery.
 28041 | Vaults:2 | Bought a potion of mutation for 168 gold pieces
 28041 | Vaults:2 | Bought a potion of attraction for 63 gold pieces
 28705 | Vaults:3 | Lost mutation: You are partially covered in iridescent
                  | scales. (AC +2) [Jiyva's grace]
 28705 | Vaults:3 | Lost mutation: You passively map a large area around you.
                  | [Jiyva's grace]
 28705 | Vaults:3 | Lost mutation: You passively map the area around you.
                  | [Jiyva's grace]
 28705 | Vaults:3 | Lost mutation: Your muscles are strong. (Str +4, Int/Dex
                  | -1) [Jiyva's grace]
 28705 | Vaults:3 | Gained mutation: Your melee attacks may engulf your foes in
                  | ooze. [Jiyva's grace]
 28705 | Vaults:3 | Gained mutation: Your muscles are strong. (Str +4, Int/Dex
                  | -1) [Jiyva's grace]
 28705 | Vaults:3 | Gained mutation: Your muscles are very strong. (Str +8,
                  | Int/Dex -2) [Jiyva's grace]
 28705 | Vaults:3 | Gained mutation: You have a small jelly attached to you
                  | that may absorb projectiles. [Jiyva's grace]
 28925 | Vaults:3 | Reached XP level 23. HP: 138/175 MP: 0/0
 28925 | Vaults:3 | Learned a level 7 spell: Haunt
 28960 | Vaults:3 | Found Peacus's Antique Weapon Boutique.
 28963 | Vaults:3 | Bought a shimmering morningstar for 333 gold pieces
 28963 | Vaults:3 | Identified the +0 morningstar of Res Nullius {drain, rElec
                  | rC+ MP+9 Int-3} (You bought it in a shop on level 3 of the
                  | Vaults)
 29270 | Vaults:3 | Found a staircase to the Crypt.
 29804 | Vaults:4 | Found Namihi's Distillery.
 29892 | Vaults:4 | Found Zoeptad's Antique Weapon Shop.
 29894 | Vaults:4 | Lost mutation: You have a pair of small antennae on your
                  | head. [Jiyva's grace]
 29894 | Vaults:4 | Lost mutation: You have claws for hands. [Jiyva's grace]
 29894 | Vaults:4 | Lost mutation: You passively map a small area around you.
                  | [Jiyva's grace]
 29894 | Vaults:4 | Lost mutation: You have a small jelly attached to you that
                  | may absorb projectiles. [Jiyva's grace]
 29894 | Vaults:4 | Gained mutation: Your movements are slightly less
                  | encumbered by armour. (ER -2) [Jiyva's grace]
 29894 | Vaults:4 | Gained mutation: Your movements are less encumbered by
                  | armour. (ER -4) [Jiyva's grace]
 29894 | Vaults:4 | Gained mutation: Your movements are significantly less
                  | encumbered by armour. (ER -6) [Jiyva's grace]
 29894 | Vaults:4 | Gained mutation: You are somewhat resistant to further
                  | mutation. [Jiyva's grace]
 29941 | Vaults:4 | Found Biecs's Magic Scroll Emporium.
 29945 | Vaults:4 | Bought a scroll of blinking for 112 gold pieces
 29976 | Vaults:4 | Found a large runed translucent door.
 29976 | Vaults:4 | Found a large runed translucent door.
 29976 | Vaults:4 | Found a large runed translucent door.
 29976 | Vaults:4 | Found a large runed translucent door.
 29976 | Vaults:4 | Found a large runed translucent door.
 29976 | Vaults:4 | Found a large runed translucent door.
 29976 | Vaults:4 | Found a large runed translucent door.
 29976 | Vaults:4 | Found a large runed translucent door.
 29976 | Vaults:4 | Noticed Luiw's ghost (veteran HOBe)
 29993 | Vaults:4 | Killed Luiw's ghost
 30198 | Vaults:4 | Found Ivuett's Distillery.
 30206 | Vaults:4 | Bought a potion of heal wounds for 75 gold pieces
 30206 | Vaults:4 | Bought a potion of heal wounds for 75 gold pieces
 30441 | Vaults:5 | Entered Level 5 of the Vaults
 30512 | Vaults:5 | Noticed a golden dragon
 30517 | Vaults:5 | HP: 2/176 [titan (17)]
 30522 | Vaults:5 | Noticed an ancient lich
 30527 | Vaults:5 | Killed an ancient lich
 30572 | Vaults:5 | Killed a golden dragon
 30638 | Vaults:5 | Reached XP level 24. HP: 129/184 MP: 0/0
 30783 | Vaults:5 | Noticed an ancient lich
 30803 | Vaults:5 | Got a silver rune of Zot
 30837 | Vaults:5 | Identified the +7 long sword of Karana {distort, Fly rElec
                  | rCorr}
 30838 | Vaults:5 | HP: 5/184 [vault warden/+2 battleaxe (26)]
 30968 | Vaults:5 | Killed an ancient lich
 31021 | Vaults:5 | Noticed a golden dragon
 31024 | Vaults:5 | Killed a golden dragon
 31168 | Vaults:5 | Acquired the +1 cloak of Temperance {rF+ rC+ Will+}
 31410 | Vaults:5 | Acquired 1001 gold pieces
 31547 | Vaults:5 | Lost mutation: You are somewhat resistant to further
                  | mutation. [Jiyva's grace]
 31547 | Vaults:5 | Lost mutation: You have a small jelly attached to you that
                  | senses nearby items. [Jiyva's grace]
 31547 | Vaults:5 | Lost mutation: Your movements are significantly less
                  | encumbered by armour. (ER -6) [Jiyva's grace]
 31547 | Vaults:5 | Lost mutation: Your melee attacks may engulf your foes in
                  | ooze. [Jiyva's grace]
 31547 | Vaults:5 | Gained mutation: You are strong-willed. (Will+) [Jiyva's
                  | grace]
 31547 | Vaults:5 | Gained mutation: You are highly strong-willed. (Will++)
                  | [Jiyva's grace]
 31547 | Vaults:5 | Gained mutation: You are extremely strong-willed. (Will+++)
                  | [Jiyva's grace]
 31547 | Vaults:5 | Gained mutation: Your mind is acute. (Int +4, Str/Dex -1)
                  | [Jiyva's grace]
 31804 | Depths:1 | Entered Level 1 of the Depths
 31866 | Depths:1 | Noticed Norris
 31874 | Depths:1 | Killed Norris
 32068 | Depths:1 | Found Otsef's Assorted Antiques.
 32076 | Depths:1 | Bought a scroll of teleportation for 84 gold pieces
 32186 | Depths:1 | Found a corrupted altar of Lugonu.
 32349 | Depths:1 | You are sucked into a shaft and drop 1 floor!
 32453 | Depths:1 | Found a gateway to Hell.
 32708 | Depths:2 | Reached XP level 25. HP: 174/193 MP: 0/0
 32708 | Depths:2 | Learned a level 8 spell: Discord
 32903 | Depths:2 | Found a one-way gate leading to the halls of Pandemonium.
 32925 | Depths:2 | Noticed a juggernaut
 32927 | Depths:2 | Killed a juggernaut
 33669 | Depths:3 | Lost mutation: You have very sharp fingernails. [Jiyva's
                  | grace]
 33669 | Depths:3 | Lost mutation: Your mind is acute. (Int +4, Str/Dex -1)
                  | [Jiyva's grace]
 33669 | Depths:3 | Lost mutation: You are extremely strong-willed. (Will+++)
                  | [Jiyva's grace]
 33669 | Depths:3 | Lost mutation: Your muscles are very strong. (Str +8,
                  | Int/Dex -2) [Jiyva's grace]
 33669 | Depths:3 | Lost mutation: Your pliable body absorbs attacks. (AC +2,
                  | EV +2) [Jiyva's grace]
 33669 | Depths:3 | Gained mutation: Your spells are a little harder to cast,
                  | but a little more powerful. [Jiyva's grace]
 33669 | Depths:3 | Gained mutation: Your spells are harder to cast, but more
                  | powerful. [Jiyva's grace]
 33669 | Depths:3 | Gained mutation: Your spells are much harder to cast, but
                  | much more powerful. [Jiyva's grace]
 33669 | Depths:3 | Gained mutation: Armour fits poorly on your pseudopods.
                  | [Jiyva's grace]
 33713 | Depths:3 | Noticed Jory
 33716 | Depths:3 | Killed Jory
 33780 | Depths:3 | Found a runed translucent door.
 33780 | Depths:3 | Found a runed translucent door.
 33861 | Depths:3 | Noticed a caustic shrike
 33864 | Depths:3 | Killed a caustic shrike
 33921 | Depths:3 | Noticed a caustic shrike
 33926 | Depths:3 | Killed a caustic shrike
 34098 | Depths:3 | Identified the +3 pair of gloves of the Morning {rElec
                  | Regen+ Dex+3}
 34401 | Depths:3 | Found a corrupted altar of Lugonu.
 34401 | Depths:3 | Found a one-way gate to the infinite horrors of the Abyss.
 34493 | Depths:3 | Voluntarily entered the Abyss.
 34493 | Abyss:1  | Found a corrupted altar of Lugonu.
 34494 | Abyss:1  | Found a hazy altar of Hepliaklqana.
 34517 | Abyss:1  | Found a corrupted altar of Lugonu.
 34634 | Abyss:4  | Found a corrupted altar of Lugonu.
 34650 | Abyss:5  | Found a corrupted altar of Lugonu.
 34720 | Abyss:5  | Lost mutation: You are highly strong-willed. (Will++)
                  | [Jiyva's grace]
 34720 | Abyss:5  | Lost mutation: Your spells are much harder to cast, but
                  | much more powerful. [Jiyva's grace]
 34720 | Abyss:5  | Lost mutation: Your rubbery body absorbs attacks. (AC +1,
                  | EV +1) [Jiyva's grace]
 34720 | Abyss:5  | Gained mutation: You possess an exceptional clarity of
                  | mind. [Jiyva's grace]
 34720 | Abyss:5  | Gained mutation: You have acidic saliva. [Jiyva's grace]
 34720 | Abyss:5  | Gained mutation: Armour fits poorly on your large
                  | pseudopods. [Jiyva's grace]
 34720 | Abyss:5  | Gained mutation: Armour fits poorly on your massive
                  | pseudopods. [Jiyva's grace]
 34750 | Abyss:5  | Reached XP level 26. HP: 110/203 MP: 0/0
 34751 | Abyss:5  | Paralysed by accursed screaming for 1 turns
 34759 | Abyss:5  | Paralysed by accursed screaming for 2 turns
 34770 | Abyss:5  | Paralysed by accursed screaming for 1 turns
 34800 | Abyss:5  | Got an abyssal rune of Zot
 34908 | Abyss:7  | Entered Level 7 of the Abyss
 34923 | Abyss:7  | Found a shadowy altar of Dithmenos.
 34924 | Abyss:7  | Found a shadowy altar of Dithmenos.
 34947 | Depths:3 | Escaped the Abyss
 35014 | Depths:4 | Entered Level 4 of the Depths
 35084 | Depths:4 | Found a one-way gateway to a ziggurat.
 35112 | Depths:4 | Found a gate to the Realm of Zot.
 35149 | Depths:4 | Identified the ring of Cing {Wiz Int+5}
 35278 | Depths:4 | Identified the +1 robe "Yhaocvos" {Slay+2}
 35315 | Depths:4 | Identified the +9 great mace of Ysoxihi {freeze, Str+2}
 35319 | Depths:4 | Identified the ring of Burael {rF+ rN++ rCorr MP+9 Str+3}
 35467 | Depths:4 | Found a hazy altar of Hepliaklqana.
 35550 | Depths:4 | Found Wuwut's Armour Boutique.
 35752 | Zot:1    | Entered Level 1 of the Realm of Zot
 35752 | Zot:1    | Noticed an ancient lich
 35756 | Zot:1    | Noticed a dread lich
 35758 | Zot:1    | Killed an ancient lich
 35758 | Zot:1    | Noticed a Killer Klown
 35764 | Zot:1    | Noticed a dread lich
 35766 | Zot:1    | Killed a Killer Klown
 35766 | Zot:1    | Killed a dread lich
 35772 | Zot:1    | Killed a dread lich
 35773 | Zot:1    | Reached XP level 27. HP: 116/211 MP: 0/0
 35773 | Zot:1    | Learned a level 9 spell: Shatter
 35811 | Zot:1    | Identified the +7 short sword "Kuosm" {distort, rElec rN+
                  | Str+3 Dex-2 SInv}
 35839 | Zot:1    | Noticed Grunn
 35841 | Zot:1    | Killed Grunn
 35924 | Zot:1    | Found the +4 dragonskin cloak
 35924 | Zot:1    | Noticed Tiamat
 35955 | Zot:1    | Killed Tiamat
 36081 | Zot:1    | Lost mutation: Your muscles are strong. (Str +4, Int/Dex
                  | -1) [Jiyva's grace]
 36081 | Zot:1    | Lost mutation: You have acidic saliva. [Jiyva's grace]
 36081 | Zot:1    | Lost mutation: Armour fits poorly on your massive
                  | pseudopods. [Jiyva's grace]
 36081 | Zot:1    | Lost mutation: Armour fits poorly on your large pseudopods.
                  | [Jiyva's grace]
 36081 | Zot:1    | Lost mutation: Your movements are less encumbered by
                  | armour. (ER -4) [Jiyva's grace]
 36081 | Zot:1    | Gained mutation: You have acidic saliva. [Jiyva's grace]
 36081 | Zot:1    | Gained mutation: Your skin changes colour to match your
                  | surroundings (Stealth+). [Jiyva's grace]
 36081 | Zot:1    | Gained mutation: Your skin blends seamlessly with your
                  | surroundings (Stealth++). [Jiyva's grace]
 36081 | Zot:1    | Gained mutation: Your skin perfectly mimics your
                  | surroundings (Stealth+++). [Jiyva's grace]
 36406 | Crypt:1  | Entered Level 1 of the Crypt
 37131 | Crypt:1  | Noticed Igymira's ghost (veteran MiGl)
 37156 | Crypt:1  | Killed Igymira's ghost
 37158 | Crypt:1  | Found a runed translucent gate.
 37158 | Crypt:1  | Found a runed translucent gate.
 37158 | Crypt:1  | Found a runed translucent gate.
 37218 | Crypt:3  | Entered Level 3 of the Crypt
 37313 | Crypt:3  | Noticed Zenata
 37318 | Crypt:3  | Killed Zenata
 37390 | Crypt:3  | Noticed a dread lich
 37392 | Crypt:3  | Killed a dread lich
 37393 | Crypt:3  | Reached skill level 27 in Spellcasting
 37393 | Crypt:3  | Reached skill level 27 in Air Magic
 37399 | Crypt:3  | Identified the ring "Ahou" {rElec rPois rC- rN+ Dex-4}
 37399 | Crypt:3  | Identified the ring of Day {rC+ rN+ Will+ Dex+3 Stlth+}
 37468 | Crypt:3  | Was placed under penance by Jiyva
 37509 | Crypt:3  | Gained mutation: You are weak. (Str -2) [the all-consuming
                  | vengeance of Jiyva]
 37509 | Crypt:3  | Lost mutation: You have acidic saliva. [the all-consuming
                  | vengeance of Jiyva]
 37558 | Crypt:3  | Reached skill level 27 in Ice Magic
 37824 | Crypt:2  | Was forgiven by Jiyva
 37986 | Crypt:3  | Found the +4 consecrated labrys {holy, Valiant Fragile Fly
                  | SInv}
 37988 | Crypt:3  | Found a staircase to the Tomb.
 38015 | Tomb:1   | Entered Level 1 of the Tomb of the Ancients
 38035 | Tomb:1   | Noticed a royal mummy
 38038 | Tomb:1   | Killed a royal mummy
 38038 | Tomb:1   | Noticed a royal mummy
 38039 | Tomb:1   | Noticed a royal mummy
 38040 | Tomb:1   | Killed a royal mummy
 38041 | Tomb:1   | Killed a royal mummy
 38072 | Tomb:1   | Noticed a royal mummy
 38088 | Tomb:1   | Noticed a royal mummy
 38088 | Tomb:1   | Noticed a royal mummy
 38090 | Tomb:1   | Killed a royal mummy
 38091 | Tomb:1   | Noticed a royal mummy
 38091 | Tomb:1   | Noticed a royal mummy
 38092 | Tomb:1   | Killed a royal mummy
 38092 | Tomb:1   | Killed a royal mummy
 38093 | Tomb:1   | Killed a royal mummy
 38093 | Tomb:1   | Killed a royal mummy
 38093 | Tomb:1   | HP: 8/211 [something (23)]
 38106 | Tomb:1   | Noticed a royal mummy
 38108 | Tomb:1   | Noticed a royal mummy
 38112 | Tomb:1   | Noticed a royal mummy
 38172 | Tomb:1   | Killed a royal mummy
 38172 | Tomb:1   | Killed a royal mummy
 38174 | Tomb:1   | Killed a royal mummy
 38210 | Tomb:1   | Noticed a royal mummy
 38215 | Tomb:1   | Killed a royal mummy
 38216 | Tomb:1   | Noticed a royal mummy
 38217 | Tomb:1   | Noticed a royal mummy
 38218 | Tomb:1   | Killed a royal mummy
 38219 | Tomb:1   | Killed a royal mummy
 38228 | Tomb:1   | Noticed a royal mummy
 38268 | Tomb:1   | Killed a royal mummy
 38285 | Tomb:1   | Noticed a royal mummy
 38290 | Tomb:1   | Killed a royal mummy
 38752 | Tomb:2   | Lost mutation: You possess an exceptional clarity of mind.
                  | [mutagenic glow]
 38776 | Tomb:2   | Gained mutation: You have hidden genetic defects.
                  | [mutagenic glow]
 38823 | Tomb:3   | Entered Level 3 of the Tomb of the Ancients
 38836 | Tomb:3   | Noticed a royal mummy
 38836 | Tomb:3   | Noticed a royal mummy
 38840 | Tomb:3   | Noticed a royal mummy
 38841 | Tomb:3   | Killed a royal mummy
 38841 | Tomb:3   | Killed a royal mummy
 38842 | Tomb:3   | Killed a royal mummy
 38842 | Tomb:3   | Noticed a royal mummy
 38846 | Tomb:3   | Killed a royal mummy
 38853 | Tomb:3   | Noticed a royal mummy
 38860 | Tomb:3   | Killed a royal mummy
 38865 | Tomb:3   | Gained mutation: You are dopey. (Int -2) [hidden defects]
 38874 | Tomb:3   | Found the +6 shillelagh "Devastator" {shatter}
 38881 | Tomb:3   | Noticed a royal mummy
 38884 | Tomb:3   | Noticed a royal mummy
 38885 | Tomb:3   | Killed a royal mummy
 38886 | Tomb:3   | Killed a royal mummy
 38887 | Tomb:3   | HP: 9/211 [something (10)]
 38911 | Tomb:3   | Noticed a royal mummy
 38915 | Tomb:3   | Killed a royal mummy
 38932 | Tomb:3   | Noticed a royal mummy
 38948 | Tomb:3   | Killed a royal mummy
 38951 | Tomb:3   | Identified the +4 plate armour "Ylliof" {Int+2 Slay+2}
 38952 | Tomb:3   | Identified the amulet of Egughas {Acrobat Will- Str+3
                  | Dex+3}
 38960 | Tomb:3   | Identified the +5 morningstar of Fear {freeze, rN+ Dex-2
                  | Stlth+}
 39012 | Tomb:3   | Lost mutation: You have sharp fingernails. [Jiyva's grace]
 39012 | Tomb:3   | Lost mutation: Your skin perfectly mimics your surroundings
                  | (Stealth+++). [Jiyva's grace]
 39012 | Tomb:3   | Lost mutation: Your skin blends seamlessly with your
                  | surroundings (Stealth++). [Jiyva's grace]
 39012 | Tomb:3   | Lost mutation: You are dopey. (Int -2) [Jiyva's grace]
 39012 | Tomb:3   | Lost mutation: You are weak. (Str -2) [Jiyva's grace]
 39012 | Tomb:3   | Gained mutation: You have acidic saliva. [Jiyva's grace]
 39012 | Tomb:3   | Gained mutation: You are robust. (+10% HP) [Jiyva's grace]
 39012 | Tomb:3   | Gained mutation: You are very robust. (+20% HP) [Jiyva's
                  | grace]
 39012 | Tomb:3   | Gained mutation: You are extremely robust. (+30% HP)
                  | [Jiyva's grace]
 39023 | Tomb:3   | Got a golden rune of Zot
 39075 | Tomb:3   | Identified the +12 quarterstaff "Hydra's Undoing" {holy,
                  | rF+ Dex+2}
 39075 | Tomb:3   | Identified the +0 pair of boots "Ximav" {rN+ Stlth+}
 39077 | Tomb:3   | Identified the +3 sling "Litegras" {freeze, Drain rPois rC+
                  | rCorr}
 39079 | Tomb:3   | Identified the +4 orcbow "Rorchao" {drain, Fragile rPois
                  | Stlth+}
 39147 | Tomb:1   | Noticed a royal mummy
 39150 | Tomb:1   | Killed a royal mummy
 39437 | Hell     | Entered the Vestibule of Hell
 39437 | Hell     | Noticed Geryon
 39437 | Hell     | Noticed Murray
 39438 | Hell     | Killed Murray
 39454 | Hell     | Gained mutation: Your body sometimes deteriorates upon
                  | taking damage. [hidden defects]
 39454 | Hell     | Lost mutation: You have hidden genetic defects. [hidden
                  | defects expressed]
 39457 | Hell     | Killed Geryon
 39537 | Hell     | Found a gateway to the ashen valley of Gehenna.
 39573 | Hell     | Found a gateway to the decaying netherworld of Tartarus.
 39614 | Hell     | Found a gateway to the freezing wastes of Cocytus.
 39627 | Hell     | Found a gateway to the Iron City of Dis.
 39638 | Dis:1    | Entered Level 1 of the Iron City of Dis
 39734 | Dis:2    | Found a huge runed gate.
 39734 | Dis:2    | Found a huge runed gate.
 39734 | Dis:2    | Found a huge runed gate.
 39734 | Dis:2    | Found a huge runed gate.
 39734 | Dis:2    | Found a huge runed gate.
 39735 | Dis:2    | Found a huge runed gate.
 39735 | Dis:2    | Found a huge runed gate.
 39736 | Dis:2    | Found a huge runed gate.
 39736 | Dis:2    | Found a huge runed gate.
 39737 | Dis:2    | Found a huge runed gate.
 39738 | Dis:2    | Found a huge runed gate.
 39739 | Dis:2    | Found a huge runed gate.
 39750 | Dis:3    | You are sucked into a shaft and drop 1 floor!
 39890 | Dis:4    | Noticed a dread lich
 39893 | Dis:4    | Killed a dread lich
 40025 | Dis:3    | Lost strength.
 40190 | Pan      | Entered Pandemonium
 40331 | Pan      | Found a transporter.
 40373 | Pan      | Found a transporter.
 40392 | Pan      | Was placed under penance by Jiyva
 40397 | Pan      | HP: 10/276 [Tzitzimitl (13)]
 40508 | Pan      | Identified the ring "Mulem" {Will+ AC+4 Slay+2}
 40516 | Pan      | Identified the amulet "Komaeg" {Spirit Int+5 Dex+2}
 40519 | Pan      | Identified the +4 great sword of the Undead {drain, Str+3
                  | SInv Stlth+}
 40560 | Zig:1    | Entered Level 1 of a ziggurat
 40577 | Zig:2    | Entered Level 2 of a ziggurat
 40601 | Zig:3    | Entered Level 3 of a ziggurat
 40604 | Zig:3    | Noticed Basaxel the pandemonium lord
 40609 | Zig:3    | Killed Basaxel the pandemonium lord
 40661 | Zig:3    | Gained mutation: You are dopey. (Int -2) [the all-consuming
                  | vengeance of Jiyva]
 40661 | Zig:3    | Lost mutation: Armour fits poorly on your pseudopods. [the
                  | all-consuming vengeance of Jiyva]
 40661 | Zig:3    | Was forgiven by Jiyva
 40663 | Zig:4    | Entered Level 4 of a ziggurat
 40691 | Zig:5    | Entered Level 5 of a ziggurat
 40713 | Zig:6    | Entered Level 6 of a ziggurat
 40738 | Zig:6    | Identified the +1 hand axe "Zisokkel" {elec, rPois Str+3
                  | Int-5}
 40743 | Zig:6    | Identified the staff of the Dancing Moth {Dex+2 Conj}
 40745 | Zig:6    | Identified the +8 demon blade of the Brewing Ass {elec,
                  | *Rage Str+4}
 40752 | Zig:7    | Entered Level 7 of a ziggurat
 40752 | Zig:7    | Lost mutation: Your body sometimes deteriorates upon taking
                  | damage. [Jiyva's grace]
 40752 | Zig:7    | Lost mutation: You are dopey. (Int -2) [Jiyva's grace]
 40752 | Zig:7    | Lost mutation: You are extremely robust. (+30% HP) [Jiyva's
                  | grace]
 40752 | Zig:7    | Gained mutation: Your muscles are strong. (Str +4, Int/Dex
                  | -1) [Jiyva's grace]
 40752 | Zig:7    | Gained mutation: Your muscles are very strong. (Str +8,
                  | Int/Dex -2) [Jiyva's grace]
 40752 | Zig:7    | Gained mutation: You are resistant to electric shocks.
                  | (rElec) [Jiyva's grace]
 40752 | Zig:7    | Gained mutation: Your body has grown eyes which may confuse
                  | attackers. (Acc +3) [Jiyva's grace]
 40790 | Zig:8    | Entered Level 8 of a ziggurat
 40819 | Zig:8    | Identified the +0 scale mail of the Armadillo {-Cast Harm
                  | Slay+2}
 40822 | Zig:9    | Entered Level 9 of a ziggurat
 40854 | Zig:9    | Identified the ring "Plog" {rElec rPois rC+ Str+2}
 40856 | Zig:9    | Identified the staff of the Silent Majority {*Corrode rN+
                  | SInv Stlth+ Necro}
 40866 | Zig:10   | Entered Level 10 of a ziggurat
 40897 | Zig:11   | Entered Level 11 of a ziggurat
 40927 | Zig:11   | Identified the +11 orcbow "Death Rattle" {drain, Fragile
                  | rCorr Dex+2}
 40943 | Zig:11   | Acquired 394 gold pieces
 40949 | Zig:12   | Entered Level 12 of a ziggurat
 40957 | Zig:12   | Noticed an ancient lich
 40960 | Zig:12   | Killed an ancient lich
 40979 | Zig:12   | Identified the +9 long sword of Pyuwajyrph {flame, rPois
                  | rF+ Str+2}
 40986 | Zig:12   | Identified the +6 dagger of the Immovable Priests {heavy,
                  | rPois Str+7 Stlth-}
 40993 | Zig:13   | Entered Level 13 of a ziggurat
 41003 | Zig:13   | Noticed Ihopn the pandemonium lord
 41004 | Zig:13   | Reached skill level 27 in Conjurations
 41004 | Zig:13   | Reached skill level 27 in Hexes
 41004 | Zig:13   | Reached skill level 27 in Summonings
 41004 | Zig:13   | Reached skill level 27 in Necromancy
 41004 | Zig:13   | Reached skill level 27 in Translocations
 41004 | Zig:13   | Reached skill level 27 in Transmutations
 41004 | Zig:13   | Reached skill level 27 in Fire Magic
 41004 | Zig:13   | Reached skill level 27 in Earth Magic
 41004 | Zig:13   | Reached skill level 27 in Poison Magic
 41007 | Zig:13   | Killed Ihopn the pandemonium lord
 41008 | Zig:13   | Reached skill level 15 in Shields
 41009 | Zig:13   | Found the +8 storm bow {elec, penet}
 41011 | Zig:13   | Found the crystal ball of Wucad Mu {*channel}
 41016 | Zig:13   | Identified the amulet of the Madman {RegenMP Fragile rN+++
                  | SInv Stlth+}
 41045 | Zig:14   | Entered Level 14 of a ziggurat
 41096 | Zig:15   | Entered Level 15 of a ziggurat
 41118 | Zig:15   | Identified the staff of Fimbulwinter {rF+ Will+ rCorr Int-5
                  | SInv Fire}
 41128 | Zig:15   | Identified the ring of Doadd {+Blink EV+5 Str+2 Stlth-}
 41157 | Zig:16   | Entered Level 16 of a ziggurat
 41167 | Zig:16   | Noticed Vypsoan the pandemonium lord
 41173 | Zig:16   | Killed from afar by a hellion

Illustrated notes

Levels and vault maps discovered:
D:1:      sevenhm_arrival_forest_fort_small_4, layout_rooms,
          dilly_ecumenical_altar_fadedgnrine
D:2:      layout_loops_ring, chequers_serial_rivers_large_a,
          kennysheep_pointless_box, uniq_jessica
D:3:      layout_loops_cross, xom_confusion_cloud, serial_shops, shop
D:4:      minmay_skewed_foursquare, layout_cave_pools, grunt_qazlal_sundering,
          ashenzari_conservatory_becter, uniq_natasha, uniq_sigmund,
          uniq_eustachio
D:5:      layout_rooms, mainiacjoe_overflow_chevrons,
          minmay_temple_entry_junction, uniq_menkaure, uniq_duvessa
D:6:      layout_loops_cross, minivault_4, minmay_misc_feat_rows,
          corexii_hall_statues_i
D:7:      layout_loops_cross, yredelemnul_forgotten_temple_becter
D:8:      minmay_diamond_stairs, layout_basic, david_lair_generic
D:9:      minmay_ornate_pinched, layout_gridville, grunt_temple_overflow_open,
          nicolae_shop_overcharged_wands, uniq_psyche
D:10:     layout_loops_ring, kennysheep_mini, zin_angel,
          minmay_misc_feat_more_columns
D:11:     layout_irregular_city, orc_0_dummy, uniq_urug
D:12:     layout_cave_pools, gammafunk_ghost_ooze, minmay_circle_x, uniq_frances
D:13:     layout_gridville, nicolae_trove_entry_path_of_doom,
          minmay_stone_trees_small
D:14:     layout_layer_cave, david_vaults_3, grunt_dithmenos_shadows,
          uniq_josephine, uniq_kirke
D:15:     grunt_enter_depths_snipers, layout_basic, gammafunk_ghost_hydra_chop,
          minivault_23, lemuel_freeze_loot_1
Temple:   compressed_dpeg_triangle_lava_temple
Lair:1:   layout_misc_corridors, grunt_megastairs_1, uniq_amaemon, uniq_sonja,
          uniq_gastronok
Lair:2:   layout_chaotic_city, nicolae_swamp_entry_splash_gauntlet,
          chequers_serial_rivers_small_b
Lair:3:   layout_hall_layers, nicolae_spider_entry_non_spiders
Lair:4:   layout_cave_pods, slime_entry_1, nicolae_lair_run_with_the_wolves
Lair:5:   guppyfry_lair_end_dragon, layout_cave_pods,
          hangedman_lair_caniforms_friends, grunt_megastairs_3
Swamp:1:  layout_falls_marsh, nicolae_swamp_orc_logging_accident, swamp_pool3
Swamp:2:  layout_basic_swamp, evilmike_swamp_ruin_rubble_1,
          hangedman_swamp_lotus
Swamp:3:  layout_falls_marsh, portal_ice_cave_entry_pillars_three,
          hangedman_swamp_blocks
Swamp:4:  byrel_swamp_growth_death_and_undeath, layout_basic_swamp,
          infiniplex_staircase_pool_2
Spider:1: cheibrodos_forgotten_conduit, uniq_aizul
Spider:2: nicolae_spider_hilbert_zone_1 [nicolae_spider_hilbert_4_sides_1_open,
          nicolae_spider_hilbert_4_sides_1_open,
          nicolae_spider_hilbert_4_sides_1_open,
          nicolae_spider_hilbert_4_sides_1_open,
          nicolae_spider_hilbert_3_sides_1_open,
          nicolae_spider_hilbert_3_sides_1_open,
          nicolae_spider_hilbert_3_sides_1_open,
          nicolae_spider_hilbert_3_sides_1_open,
          nicolae_spider_hilbert_3_sides_1_open,
          nicolae_spider_hilbert_6_sides_1_open,
          nicolae_spider_hilbert_6_sides_1_open,
          nicolae_spider_hilbert_3_sides_1_open,
          nicolae_spider_hilbert_3_sides_1_open,
          nicolae_spider_hilbert_3_sides_1_open,
          nicolae_spider_hilbert_3_sides_1_open,
          nicolae_spider_hilbert_2_sides_1_open]
Spider:3: layout_spider_delve, uniq_arachne
Spider:4: grunt_spider_rune_circles
Slime:1:  cheibrodos_slime_lost_civilization_9, layout_caves,
          nicolae_slime_barrier
Slime:2:  layout_caves
Slime:3:  layout_caves
Slime:4:  layout_caves, nicolae_slime_ancient_tower_intersection
Slime:5:  slime_pit_nicolae_jellycorners
Orc:1:    layout_caves, serial_shops, shop, shop, minmay_orc_treasury
Orc:2:    st_orc_open, layout_caves, serial_shops, nicolae_shop_tiny_glass,
          kennysheep_orc_chapel
Elf:1:    nicolae_elf_arrival_fired_up, layout_gridlike,
          ebering_ghost_inner_flame, serial_shops,
          nicolae_shop_pleasant_corner_grove, nicolae_shop_trees,
          nicolae_shop_drivethru, nicolae_shop_tiny_statue_garden,
          hangedman_elf_disciples, uniq_donald, uniq_azrael
Elf:2:    elven_hall_of_blades_hangedman_original
          [nicolae_blade_entry_crossed_weapons], layout_gridlike, serial_shops,
          nicolae_shop_tiny_waterfront, hex_intersection
Elf:3:    minmay_elf_hall, layout_geoelf_castle, serial_shops,
          nicolae_shop_hallway_stairs,
          nicolae_shop_temple_entry_statues_fountains, shop,
          nicolae_shop_hallway_plus, shop
Vaults:1: hangedman_vaults_trim, nicolae_vaults_steering_wheel,
          ontoclasm_vaults_eye, hangedman_vaults_hat, v_rooms_2,
          nicolae_vaults_hexular_roomagon, grunt_vaults_hallway_long,
          vaults_dpeg_hooks, nicolae_vaults_meeting, vaults_mumra_hex,
          vaults_dpeg_ring, layout_vaults_omnicross
Vaults:2: nicolae_vaults_storage_closets_1, hangedman_vaults_locks,
          nicolae_vaults_heart-shaped_vault, v_misc_25, nicolae_vaults_two_Ls,
          nicolae_vaults_big_ls, hangedman_vaults_restitches,
          nicolae_vaults_little_squares_5, nicolae_vaults_three_branches,
          nicolae_vaults_angled_halls, vaults_dpeg_emergency_exit,
          layout_vaults_omnigrid, serial_shops, shop, shop, shop, shop
Vaults:3: nicolae_vaults_network_quincunx
          [nicolae_vaults_network_quincunx_subvault,
          nicolae_vaults_network_quincunx_subvault,
          nicolae_vaults_network_quincunx_subvault,
          nicolae_vaults_network_quincunx_subvault,
          nicolae_vaults_network_quincunx_subvault], v_pattern_1, v_misc_30,
          hangedman_vaults_impose, nicolae_vaults_wine_cellar,
          vaults_room_door_ring, minmay_crypt_entry_simple_sparse,
          nicolae_vaults_trapezoid_3, nicolae_vaults_house_1,
          layout_vaults_chaotic_city, serial_shops, nicolae_shop_real_fake_doors
Vaults:4: advil_vaults_ghost_lines, v_misc_16, nicolae_vaults_house_3,
          dpeg_vaults_monster_row, ontoclasm_vaults_misaligned,
          nicolae_vaults_display_case, nicolae_vaults_closet_pinwheel_1,
          hangedman_vaults_capsules, v_misc_17,
          nicolae_vaults_trapezoid_layered, layout_vaults_ring, serial_shops,
          nicolae_shop_back_alley_shop, shop, shop, nicolae_shop_peninsula
Vaults:5
Crypt:1:  layout_rooms, gammafunk_ghost_split
Crypt:2:  layout_misc_corridors
Crypt:3:  cryptofortress_bobbens, uniq_zenata
Tomb:1
Tomb:2:   uniq_khufu
Tomb:3
Depths:1: layout_basic, grunt_mini_vestibule, serial_shops,
          nicolae_shop_overgrown_old_shop, minivault_16, tgw_lugonu_bribe,
          serial_bayou_shore_b, grunt_megastairs_5, uniq_norris
Depths:2: minmay_split_circle, layout_cave_pools, hell_entry,
          chequers_big_river, grunt_pan_entry_in_and_out, wad_scary_box
Depths:3: minmay_the_grid_four_pointed_star
          [minmay_the_grid_triangle_9x9_corruption,
          minmay_the_grid_triangle_9x9_corrupted_corridor,
          minmay_the_grid_triangle_9x9_tough_junction,
          minmay_the_grid_triangle_9x9_cache,
          minmay_the_grid_prize_shrinking_boxes], layout_gridlike,
          abyss_entry_flame_altar, hangedman_tar_grid_catacomb,
          serial_bayou_pond_d, hangedman_abyss_or_decor_lesser_grid,
          infiniplex_staircase_zigzag_3, uniq_jory
Depths:4: grunt_zot_entry_bicorn, layout_cave_pools, enter_ziggurat_b,
          nicolae_hepliaklqana_hippocampus, serial_shops, shop, hellmouth_1,
          hangedman_stitches_earthworm
Hell
Dis:1:    layout_jigsaw
Dis:2:    layout_gridville, door_vault
Dis:3:    layout_subdivisions
Dis:4:    layout_subdivisions, nicolae_dis_strange_trophy_room
Dis:5:    layout_regular_city
Zot:1:    hellmonk_crystal_mountain, layout_basic, zot_minivault_1, uniq_tiamat,
          uniq_grunn
Pan:      gammafunk_its_a_trap, layout_basic, pan_blood_fountain_2,
          nicolae_pan_lom_lobonic_3
Zig:16

Skill      XL: |  1  2  3  4  5  6  7  8  9 10 11 12 13 14 15 16 17 18 19 20 21 22 23 24 25 26 27 |
---------------+----------------------------------------------------------------------------------+-----
Spellcasting   | 4 5 6 7 8 10 12 13 14 15 16 18 19 20 21 23 24 27 | 27.0
Conjurations   | 4 5 6 7 8 10 12 13 14 15 16 17 18 19 20 27 | 27.0
Hexes          | 4 5 6 7 8 10 12 13 14 15 16 17 18 19 20 27 | 27.0
Summonings     | 4 5 6 7 8 10 12 13 14 15 16 17 18 19 20 27 | 27.0
Necromancy     | 4 5 6 7 8 10 12 13 14 15 16 17 18 19 20 27 | 27.0
Translocations | 4 5 6 7 8 10 12 13 14 15 16 17 18 19 20 27 | 27.0
Transmutations | 4 5 6 7 8 10 12 13 14 15 16 17 18 19 20 27 | 27.0
Fire Magic     | 4 5 6 7 8 10 12 13 14 15 16 17 18 19 20 27 | 27.0
Ice Magic      | 4 5 6 7 8 10 12 13 14 15 17 18 19 21 22 23 27 | 27.0
Air Magic      | 4 5 6 7 8 10 12 13 14 15 16 18 19 20 21 23 24 27 | 27.0
Earth Magic    | 4 5 6 7 8 10 12 13 14 15 16 17 18 19 20 27 | 27.0
Poison Magic   | 4 5 6 7 8 10 12 13 14 15 16 17 18 19 20 27 | 27.0
Fighting       | 1 3 5 7 8 9 11 12 13 14 15 16 17 19 20 21 22 24 | 24.7
Armour         | 1 3 5 7 8 9 10 12 14 15 | 15.0
Shields        | 1 3 5 7 8 9 10 11 12 15 | 15.6
Evocations     | 1 3 5 7 8 9 11 12 | 12.0
Dodging        | 5 6 8 9 10 12 13 15 17 18 19 20 21 22 23 25 | 25.8
Stealth        | |  1.5

Action                     |  1- 3 |  4- 6 |  7- 9 | 10-12 | 13-15 | 16-18 | 19-21 | 22-24 | 25-27 || total
---------------------------+-------+-------+-------+-------+-------+-------+-------+-------+-------++-------
  Melee: Staff             |       |       |     1 |     3 |    10 |       |    11 |    16 |    12 ||    53
         Broad axe         |       |       |       |       |       |     2 |     1 |       |       ||     3
         Pseudopods        |       |       |       |       |       |       |       |       |     5 ||     5
         Bite              |       |       |       |       |       |       |       |       |     2 ||     2
   Fire: Sling             |    10 |    31 |    60 |       |       |       |       |       |       ||   101
   Cast: Magic Dart        |    34 |       |     8 |     8 |     3 |       |       |       |       ||    53
         Searing Ray       |    13 |    18 |    42 |    43 |    66 |     7 |     2 |       |     1 ||   192
         Fulminant Prism   |       |     4 |    17 |    42 |    98 |    15 |     8 |       |     2 ||   186
         Jinxbite          |       |     1 |       |       |       |       |       |       |       ||     1
         Volatile Blastmot |       |       |     1 |     4 |     2 |       |       |       |       ||     7
         Iskenderun's Myst |       |       |     4 |    42 |   163 |   152 |   329 |   126 |   117 ||   933
         Vhi's Electric Ch |       |       |       |     2 |       |       |       |       |       ||     2
         Plasma Beam       |       |       |       |       |    43 |   162 |   254 |   393 |   457 ||  1309
         Irradiate         |       |       |       |       |       |     2 |     1 |       |       ||     3
         Conjure Ball Ligh |       |       |       |       |       |       |     4 |       |     2 ||     6
         Malign Gateway    |       |       |       |       |       |       |     9 |       |     5 ||    14
         Haunt             |       |       |       |       |       |       |       |     1 |       ||     1
         Discord           |       |       |       |       |       |       |       |       |    15 ||    15
         Shatter           |       |       |       |       |       |       |       |       |   222 ||   222
         Enfeeble          |       |       |       |       |       |       |       |       |     4 ||     4
 Invoke: Oozemancy         |       |       |       |       |       |       |       |     1 |       ||     1
  Evoke: Wand              |       |       |     2 |     3 |    13 |     7 |    16 |     1 |    16 ||    58
         Sack of spiders   |       |       |       |       |       |     2 |     1 |     2 |       ||     5
         Condenser vane    |       |       |       |       |       |       |       |       |     1 ||     1
         Figurine of a zig |       |       |       |       |       |       |       |       |     1 ||     1
    Use: Scroll            |       |     3 |     6 |     8 |    24 |     7 |     6 |    14 |     9 ||    77
         Potion            |       |       |       |     1 |     3 |     5 |     3 |     9 |    18 ||    39
 Armour: Robe              |     5 |     7 |    16 |       |       |       |       |       |       ||    28
         Leather armour    |       |       |     6 |    34 |    30 |       |       |       |       ||    70
         Steam dragon scal |       |       |       |       |    29 |       |       |       |       ||    29
         Troll leather arm |       |       |       |       |    25 |    44 |       |       |       ||    69
         Ring mail         |       |       |       |       |       |    80 |   205 |   143 |   112 ||   540
         Quicksilver drago |       |       |       |       |       |       |       |    54 |   195 ||   249
         Skin              |       |       |       |       |       |       |       |       |     3 ||     3
  Dodge: Dodged            |     9 |    29 |    43 |    73 |   160 |    84 |   295 |   285 |   297 ||  1275
  Block: Buckler           |       |       |       |       |    53 |    40 |   177 |    96 |   162 ||   528
         Reflection        |       |       |       |       |       |     5 |       |       |       ||     5

Table legend: (Time is in decaauts)
 A = Elapsed time spent in this place.
 B = Non-inter-level travel time spent in this place.
 C = Inter-level travel time spent in this place.
 D = Time resting spent in this place.
 E = Time spent auto-exploring this place.
 F = Levels seen in this place.
 G = Mean time per level.
                   A        B        C        D        E       F      G
               +--------+--------+--------+--------+--------+-----+--------+
         Total |  44009 |  38260 |   5749 |   2576 |  23545 |  87 |  505.9 |
       Dungeon |  12980 |  10813 |   2167 |    591 |   8155 |  15 |  865.3 |
        Temple |      3 |      1 |      2 |      0 |      0 |   1 |    3.0 |
          Lair |   6327 |   5655 |    672 |    930 |   3328 |   5 | 1265.4 |
         Swamp |    990 |    869 |    121 |      0 |    372 |   4 |  247.5 |
   Spider Nest |   2694 |   2597 |     97 |      0 |   1670 |   4 |  673.5 |
    Slime Pits |    182 |    139 |     43 |      0 |      0 |   5 |   36.4 |
  Orcish Mines |   2020 |   1812 |    208 |    300 |    895 |   2 | 1010.0 |
   Elven Halls |   2625 |   2508 |    117 |     55 |   1503 |   3 |  875.0 |
        Vaults |   6329 |   5441 |    888 |    116 |   3872 |   5 | 1265.8 |
         Crypt |   1114 |    899 |    215 |    122 |    160 |   3 |  371.3 |
          Tomb |   1178 |   1015 |    163 |     64 |    387 |   3 |  392.7 |
        Depths |   4418 |   3663 |    755 |     57 |   2771 |   4 | 1104.5 |
          Hell |    436 |    368 |     68 |    179 |      0 |   1 |  436.0 |
           Dis |    230 |    156 |     74 |      0 |      3 |   5 |   46.0 |
           Zot |    585 |    434 |    151 |      0 |    160 |   1 |  585.0 |
         Abyss |    466 |    466 |      0 |      0 |    144 |   7 |   66.6 |
   Pandemonium |    590 |    590 |      0 |    114 |    120 |   1 |  590.0 |
      Ziggurat |    657 |    657 |      0 |     48 |      0 |  16 |   41.1 |
         Trove |     74 |     74 |      0 |      0 |      0 |   1 |   74.0 |
      Ice Cave |    101 |    101 |      0 |      0 |      0 |   1 |  101.0 |
               +--------+--------+--------+--------+--------+-----+--------+

Top non-repeatable levels by time:
  Lair:5: 1797 daAuts
     D:8: 1565 daAuts
Vaults:3: 1546 daAuts
    D:14: 1440 daAuts
  Lair:3: 1312 daAuts
Vaults:2: 1297 daAuts
Depths:3: 1297 daAuts
Vaults:5: 1296 daAuts
  Lair:4: 1243 daAuts
Depths:2: 1243 daAuts
Vaults:1: 1210 daAuts
  Lair:2: 1186 daAuts
    D:11: 1173 daAuts
   Elf:3: 1139 daAuts
   Orc:2: 1051 daAuts
